 Seeded DCSS version 0.30-a0-800-g7c544603b3 (webtiles) character file.

Game seed: 10942798838459882926 (custom seed)

13988760 hikkokomori the Archmage (level 27, 199/199 HPs)
             Began as a Gargoyle Earth Elementalist on Feb 21, 2023.
             Was the Champion of Vehumet.
             Escaped with the Orb
             ... and 15 runes on Feb 22, 2023!
             The game lasted 07:40:54 (114365 turns).

hikkokomori the Archmage (GrEE)                   Turns: 114365, Time: 07:40:55

Health: 199/199    AC: 64    Str: 25    XL:     27
Magic:  63/63      EV: 18    Int: 45    God:    Vehumet [******]
Gold:   12807      SH:  0    Dex: 12    Spells: 9/80 levels left

rFire   + + +      SeeInvis +    H - +9 dagger of Iruzonecs {vamp, Int+4 SInv}
rCold   + + .      Faith    .    M - +3 kite shield of Beogh {Drain rN+ Int+4 Slay+2}
rNeg    + + +      Spirit   .    n - +10 pearl dragon scales
rPois   ∞          Reflect  .    A - -2 hat of the Alchemist {rElec rPois rF+ rC+ rN+ Will+ rMut rCorr}
rElec   +          Harm     .    p - +0 cloak of Nihuo {rC- Int+5}
rCorr   +          Rampage  .    d - +3 pair of gauntlets of War {Slay+5}
rMut    +                        X - +4 pair of boots "Maetyhal" {Str+5 Dex-5 Slay+2 SInv}
Will    ++++.                    g - amulet "Woyrot" {RegenMP rF- Regen+ rCorr Str+4}
Stlth   +                        U - ring of Kikubaaqudgha's Esteem {rF++ rC+++ MP+9 Str-4 Int+2}
HPRegen 1.33/turn                h - ring of Prescription {rC- Str+4 Int+3 Dex+6}
MPRegen 0.78/turn

@: confused, mighty, brilliant, ambrosia-drunk, flying, hasted, studying 4
skills, invisible, very quick
A: sickness immunity, AC +20, big wings, negative energy resistance 1,
electricity resistance, torment resistance 1, petrification resistance, fire
resistance 1, strong-willed 1, strong 1, MP-powered wands
0: Orb of Zot
}: 15/15 runes: decaying, slimy, silver, golden, iron, obsidian, icy, bone,
abyssal, demonic, glowing, magical, fiery, dark, gossamer
a: Renounce Religion


You escaped.
You worshipped Vehumet.
Vehumet was exalted by your worship.
You visited 17 branches of the dungeon, and saw 87 of its levels.
You visited Pandemonium 2 times, and saw 13 of its levels.
You visited the Abyss 4 times.
You completed 1 ziggurat, and saw 27 of its levels.
You also visited: Trove, Sewer, Ossuary, Bailey, Gauntlet, Ice Cave, Volcano and Wizlab.

You collected 19564 gold pieces.
You spent 6757 gold pieces at shops.

Inventory:

Hand Weapons
 c - the +0 staff of Battle
   (You found it on level 7 of a ziggurat)

   It enhances your conjuration magic.
   It summons a battlesphere in combat, with strength depending on Conjurations
   skill.
   Its strikes trigger the battlesphere's blasts.
 k - the +7 morningstar of Disorder {drain, Fragile rCorr Str+2 Int+7}
   (You found it on level 24 of a ziggurat)

   Str:       It affects your strength (+2).
   Int:       It affects your intelligence (+7).
   rCorr:     It protects you from acid and corrosion.
   Fragile:   It will be destroyed if unequipped.
 v - the +8 demon trident "Rift" {distort, reach+}
   (You found it on level 21 of a ziggurat)
 y - a +9 sacred scourge of holy wrath
 C - the +5 demon whip "Spellbinder" {antimagic, disrupt, Will+}
   (You took it off a vault guard on level 5 of the Vaults)

   Will:      It increases your willpower.
 H - the +9 dagger of Iruzonecs (weapon) {vamp, Int+4 SInv}
   (You found it on level 6 of the Dungeon)

   Int:       It affects your intelligence (+4).
   SInv:      It lets you see invisible.
 T - the +5 scythe "Finisher" {speed, eviscerate}
   (You found it on level 12 of a ziggurat)
Armour
 d - the +3 pair of gauntlets of War (worn) {Slay+5}
   (You found it on level 5 of the Dungeon)

   Slay:      It affects your accuracy & damage with ranged weapons and melee
   (+5).
 e - the +3 crown of Dyrovepreva {rElec Int+2 SInv}
   (You found it on level 24 of a ziggurat)

   Int:       It affects your intelligence (+2).
   rElec:     It insulates you from electricity.
   SInv:      It lets you see invisible.
 n - +10 pearl dragon scales (worn)
 p - the +0 cloak of Nihuo (worn) {rC- Int+5}
   (You bought it in a shop on level 2 of the Orcish Mines)

   Int:       It affects your intelligence (+5).
   rC:        It makes you vulnerable to cold.
 q - the +2 pair of gloves "Qurietibb" {Rampage Will+ Int-3 Dex+7}
   (You found it on level 12 of a ziggurat)

   Int:       It affects your intelligence (-3).
   Dex:       It affects your dexterity (+7).
   Rampage:   It bestows one free step when moving towards enemies.
   Will:      It increases your willpower.
 s - the +2 hood of the Assassin {Detect Stab+ Stlth++}
   (You found it on level 20 of a ziggurat)

   Detect:    It allows the wearer to sense nearby creatures.
   Stab+:     It allows the wearer to make particularly effective stabbing
   attacks against helpless or unaware enemies with any weapon.
   Stlth:     It makes you much more stealthy.
 A - the -2 hat of the Alchemist (worn) {rElec rPois rF+ rC+ rN+ Will+ rMut rCorr}
   (You found it in a wizard's laboratory)

   rF:        It protects you from fire.
   rC:        It protects you from cold.
   rElec:     It insulates you from electricity.
   rPois:     It protects you from poison.
   rN:        It protects you from negative energy.
   rCorr:     It protects you from acid and corrosion.
   rMut:      It protects you from mutation.
   Will:      It increases your willpower.
 M - the +3 kite shield of Beogh (worn) {Drain rN+ Int+4 Slay+2}
   (You took it off Donald on level 4 of the Spider Nest)

   Int:       It affects your intelligence (+4).
   Slay:      It affects your accuracy & damage with ranged weapons and melee
   (+2).
   rN:        It protects you from negative energy.
   Drain:     It drains your maximum health when unequipped.
 X - the +4 pair of boots "Maetyhal" (worn) {Str+5 Dex-5 Slay+2 SInv}
   (You found it in a treasure trove)

   Str:       It affects your strength (+5).
   Dex:       It affects your dexterity (-5).
   Slay:      It affects your accuracy & damage with ranged weapons and melee
   (+2).
   SInv:      It lets you see invisible.
Jewellery
 a - the ring of the Raven {rC++ Str+6 Int+5 Slay-6}
   (You found it on level 14 of a ziggurat)

   [ring of strength]

   Str:       It affects your strength (+6).
   Int:       It affects your intelligence (+5).
   Slay:      It affects your accuracy & damage with ranged weapons and melee
   (-6).
   rC:        It greatly protects you from cold.
 g - the amulet "Woyrot" (around neck) {RegenMP rF- Regen+ rCorr Str+4}
   (You acquired it on level 5 of the Pits of Slime)

   [amulet of magic regeneration]

   It increases your rate of magic regeneration.
   Str:       It affects your strength (+4).
   rF:        It makes you vulnerable to fire.
   Regen:     It increases your rate of health regeneration.
   rCorr:     It protects you from acid and corrosion.
 h - the ring of Prescription (right hand) {rC- Str+4 Int+3 Dex+6}
   (You found it on level 22 of a ziggurat)

   [ring of dexterity]

   Str:       It affects your strength (+4).
   Int:       It affects your intelligence (+3).
   Dex:       It affects your dexterity (+6).
   rC:        It makes you vulnerable to cold.
 o - the ring "Amofergh" {Contam rF+ rN+ rCorr Str+5}
   (You found it on level 3 of the Crypt)

   [ring of positive energy]

   Str:       It affects your strength (+5).
   rF:        It protects you from fire.
   rN:        It protects you from negative energy.
   Contam:    It causes magical contamination when unequipped.
   rCorr:     It protects you from acid and corrosion.
 r - the ring "Zalysoto" {Fly rPois Str+2 Dex+3 SInv}
   (You found it in Pandemonium)

   [ring of poison resistance]

   Str:       It affects your strength (+2).
   Dex:       It affects your dexterity (+3).
   rPois:     It protects you from poison.
   SInv:      It lets you see invisible.
   Fly:       It grants you flight.
 z - the ring "Nenash" {Contam rN+ MP+9 Str+3 Dex+3}
   (You found it on level 2 of the Lair of Beasts)

   [ring of positive energy]

   Str:       It affects your strength (+3).
   Dex:       It affects your dexterity (+3).
   rN:        It protects you from negative energy.
   MP:        It affects your magic capacity (+9).
   Contam:    It causes magical contamination when unequipped.
 F - the ring of Arghan {+Blink rF++ MP+9 Str+3 Slay-4}
   (You found it on level 15 of a ziggurat)

   [ring of magical power]

   Str:       It affects your strength (+3).
   Slay:      It affects your accuracy & damage with ranged weapons and melee
   (-4).
   rF:        It greatly protects you from fire.
   MP:        It affects your magic capacity (+9).
   +Blink:    It lets you blink.
 G - the ring of the Catfish {rPois rC+ Will+ Str+3 Slay+3}
   (You found it on level 15 of a ziggurat)

   [ring of protection from cold]

   Str:       It affects your strength (+3).
   Slay:      It affects your accuracy & damage with ranged weapons and melee
   (+3).
   rC:        It protects you from cold.
   rPois:     It protects you from poison.
   Will:      It increases your willpower.
 L - the amulet "Kiyptaul" {rC++ Will+++ Regen+ Str-3 Int+3}
   (You found it on level 5 of the Pits of Slime)

   [amulet of regeneration]

   Str:       It affects your strength (-3).
   Int:       It affects your intelligence (+3).
   rC:        It greatly protects you from cold.
   Regen:     It increases your rate of health regeneration.
   Will:      It greatly increases your willpower.
 N - the ring of Fragile Peace {*Slow rPois rCorr Str+5 Int+6}
   (You found it on level 18 of a ziggurat)

   [ring of intelligence]

   Str:       It affects your strength (+5).
   Int:       It affects your intelligence (+6).
   rPois:     It protects you from poison.
   rCorr:     It protects you from acid and corrosion.
   *Slow:     It may slow you when you take damage.
 U - the ring of Kikubaaqudgha's Esteem (left hand) {rF++ rC+++ MP+9 Str-4 Int+2}
   (You found it on level 7 of Tartarus)

   [ring of magical power]

   Str:       It affects your strength (-4).
   Int:       It affects your intelligence (+2).
   rF:        It greatly protects you from fire.
   rC:        It renders you almost immune to cold.
   MP:        It affects your magic capacity (+9).
 V - the ring "Piapt" {rC+ MP+9 AC+4 Str+2 Dex+2}
   (You found it on level 25 of a ziggurat)

   [ring of protection]

   AC:        It affects your AC (+4).
   Str:       It affects your strength (+2).
   Dex:       It affects your dexterity (+2).
   rC:        It protects you from cold.
   MP:        It affects your magic capacity (+9).
 Z - the amulet of the Five Keeping Beds {Reflect Rampage rC+ MP+9 SH+5}
   (You found it on level 20 of a ziggurat)

   [amulet of reflection]

   It reflects blocked missile attacks.
   rC:        It protects you from cold.
   MP:        It affects your magic capacity (+9).
   SH:        It affects your SH (+5).
   Rampage:   It bestows one free step when moving towards enemies.
Scrolls
 j - 40 scrolls of teleportation
 m - 17 scrolls of fear
 t - 17 scrolls of magic mapping
 B - 29 scrolls of fog
 D - 16 scrolls of amnesia
 I - 12 scrolls of blinking
 O - 20 scrolls of poison
 W - a scroll of summoning
 Y - 12 scrolls of enchant armour
Potions
 b - 4 potions of magic
 f - 3 potions of brilliance
 i - 6 potions of heal wounds
 u - 33 potions of mutation
 w - 14 potions of might
 x - 22 potions of curing
 E - 8 potions of invisibility
 K - 7 potions of ambrosia
 P - 6 potions of resistance
 R - 6 potions of cancellation
Miscellaneous
 l - a condenser vane
 J - 2 +1 figurines of a ziggurat
 S - a phantom mirror


   Skills:
 O Level 27 Fighting
 - Level 8.2 Short Blades
 - Level 23.7 Maces & Flails
 + Level 26.2 Armour
 + Level 21.6 Dodging
 + Level 21.9 Stealth
 - Level 15.8 Shields
 O Level 27 Spellcasting
 O Level 27 Conjurations
 - Level 12.8 Summonings
 - Level 10.7 Necromancy
 - Level 5.0 Transmutations
 - Level 26.0 Fire Magic
 - Level 5.3 Ice Magic
 - Level 5.4 Air Magic
 - Level 25.7 Earth Magic
 - Level 0.4 Poison Magic
 - Level 9.7 Evocations


You had 9 spell levels left.
You knew the following spells:

 Your Spells              Type           Power      Damage    Failure   Level
a - Iron Shot             Conj/Erth      82%        9d15      0%          6
b - Borgnjor's Vile Clut  Necr/Erth      73%        N/A       0%          5
c - Lehudib's Crystal Sp  Conj/Erth      82%        10d18     1%          8
d - Blink                 Tloc           100%       N/A       1%          2
e - Irradiate             Conj/Tmut      70%        3d35      0%          5
f - Spellforged Servitor  Conj/Summ      75%        N/A       1%          7
g - Freezing Cloud        Conj/Ice/Air   65%        6-21      1%          5
h - Ozocubu's Armour      Ice            100%       N/A       1%          3
i - Shatter               Erth           82%        3d59*     1%          9
j - Fire Storm            Conj/Fire      82%        8d21      1%          9
k - Death Channel         Necr           62%        N/A       1%          6
l - Eringya's Noxious Bo  Tmut/Pois      45%        N/A       8%          6

Your spell library contained the following spells:

 Spells                   Type           Power      Damage    Failure   Level
 Foxfire                  Conj/Fire      100%       2x1d9     0%          1
 Kiss of Death            Conj/Necr      100%       2d13      0%          1
 Magic Dart               Conj           100%       1d8       0%          1
 Necrotise                Necr           100%       1d9       0%          1
 Sandblast                Erth           100%       2d20      0%          1
 Shock                    Conj/Air       100%       1d9       0%          1
 Summon Small Mammal      Summ           100%       N/A       0%          1
 Call Imp                 Summ           100%       N/A       0%          2
 Momentum Strike          Conj/Tloc      100%       3d10      0%          2
 Passwall                 Tmut/Erth      100%       N/A       0%          2
 Scorch                   Fire           100%       2d10      0%          2
 Searing Ray              Conj           100%       2d8       0%          2
 Static Discharge         Conj/Air       100%       2-7/arc   0%          2
 Call Canine Familiar     Summ           100%       N/A       0%          3
 Dazzling Flash           Conj/Hex       100%       N/A       0%          3
 Hailstorm                Conj/Ice       100%       3d20      0%          3
 Ignite Poison            Fire/Tmut/Pois 100%       N/A       0%          3
 Inner Flame              Hex/Fire       100%       N/A       0%          3
 Mephitic Cloud           Conj/Pois/Air  100%       N/A       0%          3
 Stone Arrow              Conj/Erth      100%       3d13      0%          3
 Animate Armour           Summ/Erth      100%       N/A       0%          4
 Flame Wave               Conj/Fire      100%       2d21      0%          4
 Iskenderun's Mystic Bla  Conj/Tloc      100%       2d19      0%          4
 Petrify                  Tmut/Erth      100%       N/A       0%          4
 Sticky Flame             Conj/Fire      100%       2d11      0%          4
 Arcjolt                  Conj/Air       71%        1d81      0%          5
 Fireball                 Conj/Fire      82%        3d30      0%          5
 Iskenderun's Battlesphe  Conj           100%       2d15      0%          5
 Lee's Rapid Deconstruct  Erth           82%        3d36*     0%          5
 Lightning Bolt           Conj/Air       71%        1d96      0%          5
 Starburst                Conj/Fire      82%        6d21      0%          6
 Orb of Destruction       Conj           83%        9d18      0%          7
 Apportation              Tloc           100%       N/A       1%          1
 Beastly Appendage        Tmut           100%       N/A       1%          1
 Freeze                   Ice            100%       1d10      1%          1
 Slow                     Hex            100%       N/A       1%          1
 Sting                    Tmut/Pois      100%       1d8       1%          1
 Ensorcelled Hibernation  Hex/Ice        100%       N/A       1%          2
 Lesser Beckoning         Tloc           100%       N/A       1%          2
 Poisonous Vapours        Pois/Air       100%       N/A       1%          2
 Wereblood                Tmut           100%       N/A       1%          2
 Confusing Touch          Hex            74%        N/A       1%          3
 Frozen Ramparts          Ice            100%       1d16      1%          3
 Gell's Gravitas          Tloc           74%        N/A       1%          3
 Kindle Blastsparks       Fire/Tloc/Air  100%       2d18      1%          3
 Portal Projectile        Hex/Tloc       100%       N/A       1%          3
 Spider Form              Tmut/Pois      91%        N/A       1%          3
 Summon Guardian Golem    Hex/Summ       100%       N/A       1%          3
 Swiftness                Air            100%       N/A       1%          3
 Tukima's Dance           Hex            74%        N/A       1%          3
 Vampiric Draining        Necr           100%       2d13      1%          3
 Vhi's Electric Charge    Tloc/Air       100%       N/A       1%          3
 Airstrike                Air            52%        2d(8-24)  1%          4
 Anguish                  Hex/Necr       52%        N/A       1%          4
 Animate Dead             Necr           100%       N/A       1%          4
 Dispel Undead            Necr           100%       3d31      1%          4
 Ice Form                 Ice/Tmut       100%       N/A       1%          4
 Leda's Liquefaction      Hex/Erth       66%        N/A       1%          4
 Olgreb's Toxic Radiance  Pois           78%        N/A       1%          4
 Summon Ice Beast         Ice/Summ       100%       N/A       1%          4
 Summon Lightning Spire   Summ/Air       100%       N/A       1%          4
 Agony                    Necr           100%       N/A       1%          5
 Blade Hands              Tmut           51%        N/A       1%          5
 Summon Forest            Summ/Tloc      54%        N/A       1%          5
 Summon Mana Viper        Hex/Summ       100%       N/A       1%          5
 Yara's Violent Unravell  Hex/Tmut       45%        3d18      1%          5
 Conjure Ball Lightning   Conj/Air       71%        3x3d26    1%          6
 Summon Cactus Giant      Summ           66%        N/A       1%          6
 Ignition                 Fire           82%        3d21      1%          8
 Monstrous Menagerie      Summ           66%        N/A       2%          7
 Summon Hydra             Summ           66%        N/A       2%          7
 Simulacrum               Ice/Necr       58%        N/A       3%          6
 Haunt                    Necr/Summ      64%        N/A       4%          7
 Alistair's Intoxication  Tmut/Pois      60%        N/A       5%          5
 Metabolic Englaciation   Hex/Ice        45%        N/A       5%          5
 Silence                  Hex/Air        45%        N/A       5%          5
 Cause Fear               Hex            37%        N/A       6%          4
 Manifold Assault         Tloc           74%        N/A       6%          4
 Passage of Golubria      Tloc           74%        N/A       6%          4
 Ozocubu's Refrigeration  Ice            52%        4d19      16%         7
 Summon Horrible Things   Summ           66%        N/A       21%         8
 Chain Lightning          Conj/Air       71%        3d94      21%         9
 Malign Gateway           Summ/Tloc      54%        N/A       34%         7
 Borgnjor's Revivificati  Necr           62%        N/A       43%         8
 Infestation              Necr           62%        N/A       43%         8
 Storm Form               Tmut/Air       52%        N/A       52%         7
 Dragon Form              Tmut           51%        N/A       54%         7
 Dispersal                Tloc           37%        N/A       65%         6
 Maxwell's Capacitive Co  Air            52%        ∞         67%         8
 Necromutation            Tmut/Necr      57%        N/A       83%         8
 Dragon's Call            Summ           66%        N/A       97%         9
 Enfeeble                 Hex            37%        N/A       99%         7
 Discord                  Hex            37%        N/A       100%        8
 Disjunction              Tloc           37%        N/A       100%        8
 Sublimation of Blood     Necr           Unusable   N/A       N/A         2
 Cigotuvi's Dreadful Rot  Necr/Pois/Air  Unusable   N/A       N/A         2

Dungeon Overview and Level Annotations

Branches:
Dungeon (15/15)            Temple (0/1) D:5            Lair (5/5) D:11
  Swamp (4/4) Lair:2       Spider (4/4) Lair:2        Slime (5/5) Lair:4
    Orc (2/2) D:11            Elf (3/3) Orc:2        Vaults (5/5) D:14
  Crypt (3/3) Vaults:2       Tomb (3/3) Crypt:3      Depths (4/4) D:15
   Hell (visited)             Dis (7/7) Hell            Geh (7/7) Hell
    Coc (7/7) Hell            Tar (7/7) Hell            Zot (5/5) Depths:4
  Sewer (visited)         Ossuary (visited)          Bailey (visited)
  IceCv (visited)         Volcano (visited)          WizLab (visited)
Gauntlet (visited)

Altars:
Cheibriados
Fedhas
Hepliaklqana
Kikubaaqudgha
Makhleb
Okawaru
Qazlal
Trog
Uskayaw
Vehumet
Wu Jian
Xom
Yredelemnul
Zin
Jiyva

Shops:
D:2 [(   D:4 *[   D:8 (   D:13 [   Orc:2 [(?=?   Elf:3 :=::   Vaults:1 :[(=
Vaults:2 *   Vaults:4 *   Depths:1 *=[[

Portals:
Hell: Depths:1 Depths:2 Depths:3 Depths:4
Abyss: Depths:3
Pandemonium: Depths:1 Depths:2

Annotations:
Swamp:3 2 transporters, exclusion: obsidian statue
Depths:4 1 runed translucent door, Osilorir's ghost, veteran MfMo


Innate Abilities, Weirdness & Mutations

You are immune to sickness and miasma.
Your stone body is resilient. (AC +20)
You are immune to poison.
Your large and strong wings let you fly.
You resist negative energy. (rN+)
You are resistant to electric shocks. (rElec)
You are resistant to unholy torment.
You are immune to petrification.
Your flesh is heat resistant. (rF+)
You are strong-willed. (Will+)
Your muscles are strong. (Str +4, Int/Dex -1)
You expend magic power (3 MP) to strengthen your wands.


Message History

(V) Vaults (C) Crypt (W) Tomb (U) Depths (H) Hell (I) Dis (G) Gehenna (X) Cocytus (Y) Tartarus (Z) Zot
Where to? (Enter - D:1, ? - help)
There is a stone staircase leading up here.
You fly upwards.
Magic restored.
There is a stone staircase leading down here.
You see here a +0 giant club.
There is an open door here.
There is a stone staircase leading up here.
You fly upwards.
There is a stone staircase leading down here.
There is a stone staircase leading up here.
You fly upwards.
There is a stone staircase leading down here.
There is a stone staircase leading up here.
You fly upwards.
There is a stone staircase leading down here.
There is an open door here.
There is a stone staircase leading up here.
You fly upwards.
There is a stone staircase leading down here.
(D) Dungeon (T) Temple (L) Lair (S) Swamp (N) Spider Nest (M) Slime Pits (O) Orcish Mines (E) Elven Halls (V) Vaults (C) Crypt (W) Tomb (U) Depths (H) Hell (I) Dis (G) Gehenna (X) Cocytus (Y) Tartarus (Z) Zot
Where to? (Enter - D:1, ? - help) You're already here!
As you open the door, it creaks loudly!
There is an open door here.
There is a staircase leading out of the dungeon here.
You feel yourself speed up.
You feel clever all of a sudden.
You feel very mighty all of a sudden.
You fade into invisibility!
You are confused.
You feel invigorated.
You can't go down here!
You have escaped!

..# #....# #.#.....# #.# #.#
..## #....# #.#.###.# #.# #.#
..)# ###### #.#.# #.####[###.#
...##########.#.# #......##..#
...##...........# ########..##
...##.......#.##### #...##
...##.........#PPP# ##.###
.####........##~~~#####..#
..#########..'..@..+..#.##
#.##.........##♣.♣###...#
#..#.####....###'##...#####
##.#.......#.##..#..###≈≈≈###
##..##.....#.#.....##≈≈≈≈≈≈≈###
...........#...#####≈≈≈≈≈≈≈≈≈≈#
####.......#..## #≈≈≈≈≈≈≈ ≈≈#
###...>...#### #≈≈#####≈≈≈##
####..#.##.^..# #~#...#≈≈≈≈#


There were no monsters in sight!

Vanquished Creatures
  Cerebov (Pan)
  Antaeus (Coc:7)
  the Royal Jelly (Slime:5)
  Ignacio (Pan)
  Ereshkigal (Tar:7)
  Gloorx Vloq (Pan)
  the Serpent of Hell (Coc:7)
  Lom Lobon (Pan)
  Mnoleg (Pan)
  14 dread liches
  Mara (Spider:4)
  5 orbs of fire
  20 ancient liches
  Mennas (Pan)
  4 juggernauts
  Josephina (Crypt:3)
  33 royal mummies
  Boris (Vaults:4)
  Saint Roka (Elf:3)
  Vv (Crypt:3)
  18 shard shrikes
  6 Killer Klowns
  Frederick (Crypt:3)
  2 curse toes
  Nikola (Swamp:3)
  24 caustic shrikes
  16 golden dragons
  the Enchantress (Depths:2)
  10 profane servitors
  Arachne (Spider:4)
  24 bone dragons
  21 Tzitzimimeh
  16 hellephants
  10 iron giants
  8 doom hounds
  A shard shrike zombie (Tar:7)
  17 Brimstone Fiends
  The ghost of tkbsonic5 the Warrior, an adept DjSu of Makhleb (Vaults:2)
  Jorgrun (Orc:1)
  25 tentacled monstrosities
  31 Hell Sentinels
  7 electric golems
  A shard shrike skeleton (Tar:7)
  A spectral shard shrike (Tar:2)
  The ghost of miscthings the Eclecticist, an adept DjCj of Xom (Elf:3)
  12 tainted leviathans
  Mlioglotl (Spider:1)
  29 Ice Fiends
  23 pandemonium lords
  19 Orb Guardians (Zot:5)
  17 liches
  5 deep elf blademasters
  4 deep elf master archers
  A walking divine tome (Depths:4)
  43 searing wretches
  5 quicksilver dragons
  A walking frostbound tome (Depths:3)
  32 titans
  An eldritch tentacle (Pan)
  5 death cobs
  20 acid blobs
  28 Executioners
  16 sphinxes
  55 ancient champions
  The ghost of jasper the Scorcher, an adept HuCj of Vehumet (Swamp:2)
  A sphinx (shapeshifter) (Zig:20)
  3 shadow dragons (shapeshifter)
  2 tentacled starspawn
  12 shadow dragons
  3 thorn hunters (Swamp:4)
  Agnes (D:15)
  12 storm dragons
  Donald (Spider:4)
  3 tengu reavers
  11 draconian monks
  10 azure jellies
  18 nagarajas (Zig:23)
  6 demonspawn warmongers
  An azure jelly (shapeshifter) (Zot:3)
  13 revenants
  9 draconian knights
  15 narguns
  A frost giant (shapeshifter) (Zig:20)
  7 rockslimes
  2 emperor scorpions (shapeshifter) (Zot:3)
  10 frost giants
  55 balrugs
  11 ghost moths
  15 shard shrike simulacra
  19 vault wardens
  7 draconian scorchers
  20 quicksilver elementals
  19 fire giants
  13 iron dragons
  9 emperor scorpions
  2 juggernaut zombies
  10 curse skulls
  21 cacodemons
  4 draconian stormcallers
  3 spriggan defenders (Depths:2)
  15 ironbound preservers
  3 deep elf sorcerers
  4 ghouls
  A deep elf elementalist (Elf:3)
  12 demonspawn corrupters
  7 ironbound thunderhulks
  45 war gargoyles
  A stone giant (shapeshifter) (Zig:15)
  9 quicksilver oozes
  A juggernaut skeleton (Pan)
  A caustic shrike skeleton (Tar:7)
  20 very ugly things
  18 reapers
  9 vampire knights
  11 draconian annihilators
  23 stone giants
  A broodmother (Spider:4)
  2 angels
  5 demonspawn blood saints
  The ghost of Quget the Severer, a journeyman HOFi of Beogh (Lair:3)
  Nessos (Lair:3)
  An eleionoma (shapeshifter) (Zig:15)
  11 white draconians
  6 eleionomae
  10 purple draconians
  8 putrid mouths
  10 black draconians
  11 dire elephants
  24 elemental wellsprings
  5 green draconians
  7 deep elf demonologists
  A dire elephant (shapeshifter) (Zig:15)
  9 bennus
  10 red draconians
  3 bunyips
  26 wendigos
  2 spectral titans
  17 demonspawn black suns
  15 lorocyprocas
  13 deep elf annihilators
  15 yellow draconians
  A minotaur (Gauntlet)
  13 spark wasps
  18 starcursed masses (Zig:26)
  12 eidola
  11 ettins
  A crystal guardian (Zig:26)
  37 blizzard demons
  15 deep elf death magi
  35 green deaths
  5 jiangshi
  A quicksilver dragon zombie (Tar:7)
  2 merfolk impalers (Zig:14)
  30 mummy priests
  12 entropy weavers
  2 shambling mangroves
  3 fire dragons
  18 yaktaur captains
  29 vault guards
  12 great orbs of eyes
  7 ice dragons
  13 hell beasts
  7 deep elf high priests
  Fannar (D:10)
  3 peacekeepers
  A quicksilver dragon skeleton (D:15)
  12 salamander tyrants
  2 spectral spriggans
  11 caustic shrike simulacra
  A fenstrider witch zombie (Crypt:3)
  4 jorogumos
  2 anacondas (Zig:23)
  A radroach (shapeshifter) (Zig:27)
  12 spriggan air magi
  12 centaur warriors
  7 spriggan skeletons
  15 juggernaut simulacra
  10 rakshasas
  2 merfolk aquamancers (Zig:14)
  A merfolk avatar (Zig:14)
  18 hydras
  A fenstrider witch skeleton (Pan)
  4 radroaches
  8 ironbound frosthearts
  7 stokers
  6 alligators
  An alligator snapping turtle (shapeshifter) (Zig:20)
  5 death knights
  5 ogre magi
  4 ghost crabs
  An anaconda (shapeshifter) (Zig:27)
  5 boulder beetles
  A naga warrior (Zig:23)
  8 death scarabs (Tomb:1)
  6 deep troll earth magi
  33 dancing weapons
  A spectral draconian (Tar:1)
  2 tengu warriors
  3 death yaks (Lair:5)
  6 naga sharpshooters (Zig:23)
  9 deep troll shamans
  11 vampire magi
  28 hell hogs
  6 two-headed ogres
  6 thrashing horrors
  7 spriggan berserkers
  An orc high priest (Orc:2)
  8 shock serpents
  16 crystal echidnas
  79 sun demons
  49 soul eaters
  22 deep elf knights
  7 hell knights
  6 pharaoh ants
  2 skysharks (Lair:4)
  Urug (Lair:4)
  A skyshark (shapeshifter) (Vaults:3)
  15 wretched stars
  52 large abominations
  3 sun moths
  4 iron trolls
  A fire crab (shapeshifter) (Abyss:3)
  64 skeletal warriors
  A spectral anaconda (Tar:4)
  5 goliath frogs
  2 spectral bunyips
  A salamander mystic (Depths:1)
  A spatial maelstrom (Zig:26)
  2 death drakes (shapeshifter)
  11 swamp dragons
  4 quicksilver dragon simulacra (Coc:7)
  30 sixfirhies
  A deep troll (shapeshifter) (Zig:15)
  An iron troll (shapeshifter) (Vaults:5)
  12 shadow demons
  19 flayed ghosts
  An iron giant zombie (Tar:7)
  10 glowing orange brains
  A sea snake (shapeshifter) (Zig:27)
  3 sea snakes (Zig:14)
  13 orb spiders
  3 spriggan riders
  2 death drakes
  49 shadow wraiths
  3 spriggan druids
  A cherub (Zig:25)
  An orb spider (shapeshifter) (Zig:13)
  An orange crystal statue (Zig:16)
  A golden dragon skeleton (Pan)
  2 naga ritualists (Zig:23)
  3 obsidian statues (Zig:16)
  2 lindwurms (shapeshifter)
  5 bog bodies
  68 deep trolls
  15 deep elf archers
  8 wizards
  9 steelbarb worms
  A fenstrider witch simulacrum (Coc:1)
  7 lindwurms
  A tengu zombie (Depths:1)
  A harpy (shapeshifter) (Zig:27)
  14 harpies
  11 ironbound convokers
  35 deep elf pyromancers
  A steelbarb worm (shapeshifter) (Depths:3)
  An orc knight (Bailey)
  11 spriggan simulacra
  31 phantasmal warriors
  A wolf spider zombie (Crypt:2)
  28 deep elf zephyrmancers
  6 necromancers
  An iron dragon zombie (Tomb:3)
  4 nameless horrors
  4 orc sorcerers
  3 shadow dragon zombies (D:15)
  10 shining eyes
  2 fauns (shapeshifter)
  A mana viper (shapeshifter) (Zig:27)
  A cyclops (shapeshifter) (Elf:1)
  3 mana vipers
  72 ugly things
  A stone giant zombie (Depths:1)
  A moth of wrath (shapeshifter) (Zig:20)
  11 manticores
  10 cyclopes
  2 manticores (shapeshifter)
  14 moths of wrath
  3 will-o-the-wisps
  A worldbinder (Abyss:3)
  3 stone giant skeletons
  4 draconians (Abyss:3)
  21 wolf spiders
  A spectral centaur (Tar:1)
  3 salamanders
  A spectral ettin (Tar:1)
  89 slime creatures
  A merfolk siren (Zig:14)
  89 smoke demons
  7 ice statues
  3 elephants (Gauntlet)
  An elephant (shapeshifter) (WizLab)
  A black mamba (shapeshifter) (WizLab)
  22 black mambas
  6 titan simulacra
  15 rust devils
  9 guardian serpents
  14 vault sentinels
  5 eyes of devastation
  6 naga magi (Zig:23)
  An eye of devastation (shapeshifter) (Zig:5)
  6 torpor snails
  38 demonic crawlers
  3 molten gargoyles (Hell)
  16 apocalypse crabs
  A pale draconian zombie (Crypt:1)
  3 cane toads (shapeshifter)
  A yellow draconian zombie (Crypt:1)
  A dire elephant skeleton (Pan)
  An elephant slug zombie (Crypt:2)
  2 unseen horrors (shapeshifter) (WizLab)
  16 orange demons
  5 kobold demonologists
  A black draconian zombie (Zot:2)
  3 naga skeletons
  41 hellions
  11 cane toads
  5 rime drakes
  An emperor scorpion simulacrum (Coc:1)
  11 komodo dragons
  7 ice devils
  44 yaktaurs
  An anaconda simulacrum (Coc:7)
  12 efreet
  5 ancient zymes (Zig:26)
  An orb spider zombie (Crypt:3)
  3 yaktaurs (shapeshifter)
  12 freezing wraiths
  48 guardian mummies
  An unseen horror (D:11)
  4 red devils
  A spectral naga (Crypt:3)
  4 iron giant simulacra
  3 tengu conjurers
  4 spectral harpies
  40 tormentors
  A polar bear (shapeshifter) (WizLab)
  A minotaur skeleton (Crypt:2)
  9 merfolk (Zig:14)
  6 trolls
  A queen bee (Spider:1)
  3 golden dragon simulacra
  2 silent spectres
  3 meliai (shapeshifter) (WizLab)
  2 trolls (shapeshifter) (WizLab)
  10 tyrant leeches
  16 wind drakes
  2 queen bees (shapeshifter)
  4 bloated husks
  6 meliai
  24 hellwings
  5 harpy zombies
  4 polar bears
  13 hornets
  8 raiju
  4 harpy skeletons
  A raiju (shapeshifter) (Elf:2)
  2 tarantellas (shapeshifter) (WizLab)
  21 tarantellas
  3 blink frogs (Lair:5)
  A blink frog (shapeshifter) (WizLab)
  3 stone giant simulacra
  4 iron dragon simulacra
  2 hornets (shapeshifter) (WizLab)
  4 spriggan zombies
  5 snapping turtles (Zig:14)
  25 culicivoras
  67 flying skulls
  An ice dragon skeleton (Crypt:3)
  A centaur simulacrum (Crypt:3)
  A culicivora (shapeshifter) (WizLab)
  6 water elementals
  23 jumping spiders
  10 shadows (Crypt:3)
  5 dire elephant simulacra
  10 wyverns
  An alligator zombie (Swamp:3)
  20 yaks
  23 ynoxinuls
  15 air elementals
  4 naga simulacra
  A vampire (D:12)
  7 fire elementals
  10 spriggans
  2 humans (shapeshifter) (WizLab)
  22 ushabtiu
  16 wraiths
  A human (WizLab)
  A basilisk (shapeshifter) (WizLab)
  3 basilisks
  24 neqoxecs
  A wind drake skeleton (Crypt:3)
  9 small abominations (WizLab)
  12 golden eyes
  6 steam dragons
  2 alligator snapping turtle simulacra
  24 chaos spawn
  13 vampire mosquitoes
  44 redbacks
  29 iron golems
  A naga (Zig:23)
  2 wargs (Orc:1)
  Menkaure (Ossuary)
  A deep troll zombie (Vaults:3)
  16 swamp worms
  A naga zombie (Tomb:1)
  A swamp worm (shapeshifter) (WizLab)
  18 harpy simulacra
  A hydra simulacrum (Coc:7)
  14 water moccasins
  An acid dragon (D:11)
  5 hell hounds
  5 swamp drakes (Swamp:4)
  7 floating eyes
  A meliai simulacrum (D:11)
  An elephant zombie (Gauntlet)
  2 sky beasts (D:6)
  7 ettin simulacra
  4 black bears
  21 orc warriors
  An ogre (shapeshifter) (Zig:15)
  2 elf zombies
  2 ice beasts (D:6)
  A blink frog zombie (Crypt:2)
  An ice dragon simulacrum (Coc:1)
  6 boggarts
  31 centaurs
  A swamp dragon skeleton (Pan)
  17 ogres
  A hog skeleton (Crypt:3)
  4 kobold brigands
  4 earth elementals (Elf:1)
  8 bullfrogs
  A cyclops zombie (Crypt:2)
  2 necrophages
  5 scorpions
  A warg zombie (Crypt:3)
  A water moccasin skeleton (Crypt:1)
  5 wights (D:6)
  A troll zombie (Crypt:1)
  A yak zombie (Lair:5)
  22 killer bees (Spider:1)
  2 lindwurm simulacra (IceCv)
  6 electric eels
  10 howler monkeys
  A wolf zombie (Crypt:3)
  4 crimson imps (Pan)
  A quasit (Abyss:3)
  A centaur zombie (D:15)
  7 komodo dragon simulacra (IceCv)
  3 orc priests
  2 water moccasin simulacra (D:5)
  6 hounds
  A human zombie (Crypt:2)
  3 jellies
  Crazy Yiuf (D:2)
  A centaur skeleton (Crypt:2)
  Jessica (D:2)
  4 iguanas
  15 orc wizards
  Natasha (thrice) (D:2)
  6 hell rats (Hell)
  A bullfrog simulacrum (D:5)
  A sky beast zombie (Crypt:1)
  The ghost of Esekla the Sneak, a weakling OpDe (D:5)
  A hound skeleton (Crypt:1)
  A scorpion simulacrum (D:5)
  40 mummies
  6 acid dragon simulacra (IceCv)
  11 adders
  4 gnolls (D:2)
  8 river rats
  A hound simulacrum (D:5)
  2 shadow imps
  4 white imps
  6 steam dragon simulacra (IceCv)
  An ufetubus (D:5)
  3 worms
  2 dart slugs
  47 orcs
  10 endoplasms
  3 giant cockroaches
  5 gnoll zombies (Ossuary)
  7 goblins
  16 hobgoblins
  41 kobolds
  3 quokkas
  9 ball pythons
  2 bats
  6 frilled lizards
  A frilled lizard skeleton (Crypt:2)
  8 gnoll skeletons (Ossuary)
  5 goblin skeletons (Ossuary)
  5 goblin zombies (Ossuary)
  2 hobgoblin skeletons (Ossuary)
  6 hobgoblin zombies (Ossuary)
  4 kobold skeletons (Ossuary)
  3 kobold zombies (Ossuary)
  4 orc skeletons
  4 orc zombies
  A quokka skeleton (Crypt:3)
  12 rats
  3 rat skeletons (Ossuary)
  4 rat zombies
  2 ball lightnings (Zig:20)
  7 briar patches (Swamp:4)
  A butterfly (Zot:3)
  4 creeping infernos
  17 fire vortices
  4 starspawn tentacles
4797 creatures vanquished.

Vanquished Creatures (collateral kills)
  Asmodeus (Geh:7)
  Dispater (Dis:7)
  Khufu (Tomb:3)
  An orb of fire (Zot:1)
  7 pandemonium lords
  A royal mummy (Tomb:3)
  2 shard shrikes (Coc:7)
  A Killer Klown (Zig:15)
  Geryon (Hell)
  A curse toe (Zot:5)
  2 golden dragons
  A caustic shrike (Dis:3)
  2 profane servitors (Tar:7)
  A mutant beast (WizLab)
  3 bone dragons
  5 Tzitzimimeh
  2 doom hounds
  A Brimstone Fiend (Zig:25)
  2 electric golems
  2 tentacled monstrosities
  2 tainted leviathans
  A Hell Sentinel (Pan)
  Asterion (Spider:4)
  A deep elf blademaster (Elf:3)
  2 quicksilver dragons
  3 Ice Fiends
  6 Orb Guardians (Zot:5)
  2 titans
  An Executioner (Pan)
  3 acid blobs
  A sphinx (Vaults:4)
  2 revenants
  A tengu reaver (Vaults:3)
  A shadow dragon (Vaults:2)
  2 tentacled starspawn (Abyss:3)
  A draconian monk (Zot:3)
  A fire giant (Depths:2)
  5 storm dragons
  A demonspawn warmonger (Pan)
  2 frost giants
  A ghost moth (Spider:4)
  4 balrugs
  4 vault wardens
  3 rockslimes
  2 draconian shifters
  A spectral caustic shrike (Tar:4)
  A draconian scorcher (Abyss:3)
  5 reapers
  7 ironbound preservers
  2 shard shrike simulacra (Coc:7)
  A draconian annihilator (Zot:3)
  2 quicksilver oozes
  A demonspawn corrupter (Zig:25)
  3 stone giants
  3 ironbound thunderhulks
  4 deep elf demonologists
  2 vampire knights
  A demonspawn blood saint (Pan)
  3 black draconians
  2 cacodemons (Pan)
  8 very ugly things
  A war gargoyle (Dis:7)
  3 purple draconians
  2 elemental wellsprings
  A starcursed mass (Abyss:3)
  A bennu (Tomb:3)
  3 demonspawn black suns
  4 white draconians
  A putrid mouth (Tar:7)
  A wendigo (Coc:4)
  3 yellow draconians
  2 deep elf annihilators
  A dire elephant (Vaults:3)
  A red draconian (Zot:5)
  2 spark wasps (Depths:3)
  2 eidola
  A crystal guardian (Vaults:3)
  A spectral quicksilver dragon (Tar:4)
  An entropy weaver (Spider:4)
  3 green deaths (Pan)
  3 ettins (Vaults:5)
  2 deep elf death magi
  5 yaktaur captains
  A great orb of eyes (Vaults:4)
  A spectral spriggan (Tar:1)
  2 jiangshi (Depths:2)
  3 ice dragons
  9 vault guards
  3 rakshasas (Depths:1)
  2 ogre magi
  A hydra (Swamp:4)
  A radroach (Spider:2)
  A spriggan skeleton (Pan)
  2 spriggan air magi
  2 ironbound frosthearts
  A centaur warrior (Vaults:1)
  4 dancing weapons (Elf:2)
  4 two-headed ogres (Orc:2)
  A deep troll earth mage (Vaults:5)
  An orc high priest (Elf:1)
  A hell hog (Geh:7)
  A wretched star (Abyss:3)
  A deep elf knight (Elf:2)
  9 sun demons
  A sixfirhy (Zig:25)
  6 soul eaters (Pan)
  3 spriggans
  An iron troll (Depths:4)
  A pharaoh ant (Spider:4)
  2 nameless horrors
  A flayed ghost (Depths:1)
  A quicksilver dragon simulacrum (Coc:6)
  A spriggan druid (Swamp:1)
  6 orb spiders
  11 deep trolls
  A wizard (Vaults:4)
  3 swamp dragons
  2 glowing orange brains
  3 ironbound convokers
  A spriggan simulacrum (Coc:5)
  A bog body (Swamp:4)
  2 phantasmal warriors (Vaults:5)
  2 necromancers
  A deep elf pyromancer (Elf:2)
  A steelbarb worm (Zig:16)
  3 lindwurms
  2 deep elf zephyrmancers (Elf:1)
  7 ugly things
  A fire giant zombie (Depths:1)
  A will-o-the-wisp (Swamp:4)
  4 wolf spiders
  2 cyclopes (Orc:2)
  A salamander (Depths:1)
  A shining eye (Slime:5)
  A worldbinder (Abyss:3)
  A vault sentinel (Vaults:4)
  9 moths of wrath
  4 demonic crawlers
  A guardian serpent (Lair:5)
  A black mamba (Lair:5)
  An eye of devastation (Slime:5)
  2 torpor snails
  3 smoke demons (Pan)
  A komodo dragon (Lair:5)
  2 spriggan zombies
  A rime drake (shapeshifter) (WizLab)
  6 yaktaurs
  2 anaconda simulacra
  4 hellions
  A spark wasp simulacrum (Depths:1)
  A freezing wraith (Vaults:2)
  An ancient zyme (Zig:26)
  2 tormentors (Pan)
  2 guardian mummies
  A meliai (shapeshifter) (WizLab)
  A tyrant leech (Swamp:1)
  4 hornets
  3 spectral harpies
  3 trolls (Orc:2)
  A wind drake (Pan)
  2 hellwings (Pan)
  A red devil (Zig:25)
  A blink frog (shapeshifter) (WizLab)
  A harpy skeleton (Pan)
  A raiju (Zot:3)
  4 tarantellas
  A frost giant simulacrum (Depths:1)
  A small abomination (Abyss:3)
  6 slime creatures
  9 jumping spiders
  8 large abominations
  3 water elementals (Depths:1)
  A shadow (Abyss:3)
  6 culicivoras
  4 wyverns (Lair:5)
  3 flying skulls
  3 yaks (Lair:5)
  2 air elementals (Zig:21)
  3 fire elementals (Zig:13)
  2 chaos spawn (Pan)
  A vampire mosquito (Swamp:1)
  26 redbacks
  A swamp worm (Swamp:4)
  A warg (Orc:2)
  2 water moccasins (Lair:5)
  2 harpy simulacra
  A swamp drake (Swamp:4)
  6 ogres (Orc:2)
  6 orc warriors
  2 naga simulacra
  An earth elemental (Elf:2)
  A bullfrog (Lair:1)
  A crimson imp (Pan)
  3 orc priests (Orc:2)
  5 orc wizards (Orc:2)
  A hell rat (Hell)
  An ogre zombie (Orc:2)
  3 mummies
  A swamp drake skeleton (Crypt:3)
  15 orcs (Orc:2)
  A hobgoblin (Bailey)
  A ball lightning (Pan)
  3 fire vortices
511 creatures vanquished.

Vanquished Creatures (others)
  An acid blob (shapeshifter) (Zig:20)
  An eldritch tentacle (Zig:20)
  An azure jelly (shapeshifter) (Zig:20)
  An emperor scorpion (shapeshifter) (Zig:20)
  A frost giant (shapeshifter) (Zig:20)
  A juggernaut zombie (Depths:2)
  A very ugly thing (Zig:20)
  A reaper (Pan)
  A deep elf demonologist (Vaults:5)
  An eleionoma (Zig:10)
  A white draconian (Zot:1)
  7 very ugly thing zombies
  A blizzard demon (Zig:24)
  A green death (Zig:10)
  A jiangshi (Crypt:3)
  A hydra (Zig:10)
  A hell beast (Zig:25)
  A deep troll earth mage (Depths:1)
  A titan zombie (Vaults:5)
  A sun demon (Pan)
  A deep elf knight (Elf:2)
  2 sixfirhies
  2 storm dragon zombies (Zot:5)
  A spark wasp zombie (Spider:4)
  2 golden dragon zombies
  2 deep trolls
  A swamp dragon (Zig:10)
  A shadow dragon zombie (Zot:5)
  16 ugly thing zombies
  2 wizards
  A jorogumo zombie (Spider:4)
  3 stone giant zombies
  6 wolf spider zombies
  A sphinx zombie (Vaults:4)
  A frost giant zombie (Depths:3)
  2 moths of wrath (Zot:1)
  7 draconian zombies
  4 dire elephant zombies
  A smoke demon (Pan)
  A purple draconian zombie (Zot:5)
  8 yaktaur zombies
  2 yellow draconian zombies
  5 white draconian zombies
  2 black draconian zombies
  A tormentor (Pan)
  A steelbarb worm zombie (Spider:4)
  2 red draconian zombies (Zot:2)
  3 orb spider zombies (Spider:4)
  2 swamp worm zombies (Swamp:4)
  15 redback zombies
  An anaconda simulacrum (Coc:7)
  A harpy zombie (D:11)
  A spectral harpy (Tar:2)
  3 hydra zombies (Swamp:4)
  2 sun moth zombies (Spider:4)
  A demonic crawler zombie (Spider:2)
  A shadow dragon simulacrum (Zig:24)
  5 moth of wrath zombies
  9 culicivora zombies
  A guardian serpent zombie (Zot:3)
  8 jumping spider zombies
  8 tarantella zombies
  2 ettin zombies
  2 black mamba zombies (Lair:5)
  13 elf zombies
  A ynoxinul (Pan)
  A water elemental (Depths:1)
  A wind drake zombie (Pan)
  A yak (Lair:2)
  3 spriggan zombies
  A redback (Spider:2)
  2 tengu zombies (Depths:1)
  29 deep troll zombies
  26 human zombies
  A harpy simulacrum (Coc:6)
  A swamp worm (Swamp:4)
  7 two-headed ogre zombies (Orc:2)
  2 cane toad zombies (Lair:5)
  A swamp drake (Swamp:4)
  2 hornet zombies (Spider:4)
  A swamp dragon zombie (Swamp:4)
  An elephant zombie (Gauntlet)
  A centaur (D:13)
  2 salamander zombies (Depths:1)
  A hell hound zombie (Volcano)
  3 wyvern zombies (Lair:5)
  A cyclops zombie (D:11)
  A water moccasin zombie (Lair:5)
  4 troll zombies (Orc:2)
  5 centaur zombies (D:15)
  2 boggart zombies
  13 ogre zombies
  A swamp drake zombie (Swamp:4)
  A steam dragon zombie (Volcano)
  An orc (D:9)
  A goblin zombie (Bailey)
  2 hobgoblin zombies (Bailey)
  10 orc zombies
  11 ball lightnings
  A briar patch (Swamp:4)
  A creeping inferno (Geh:7)
  684 fire vortices
  2 foxfires (Swamp:4)
  12 fungi
  A lurking horror (Abyss:3)
  45 plants
  5 starspawn tentacles
  3 withered plants (D:15)
1077 creatures vanquished.

Grand Total: 6385 creatures vanquished

Notes
Turn   | Place    | Note
-------+----------+-------------------------------------------
     0 | D:1      | hikkokomori the Gargoyle Earth Elementalist began the quest
                  | for the Orb.
     0 | D:1      | Reached XP level 1. HP: 10/10 MP: 3/3
    65 | D:1      | Found a faded altar of an unknown god.
   313 | D:1      | Reached XP level 2. HP: 15/15 MP: 3/5
   739 | D:2      | Reached XP level 3. HP: 19/19 MP: 1/6
  1168 | D:2      | Reached XP level 4. HP: 24/24 MP: 3/8
  1263 | D:2      | Noticed Jessica
  1266 | D:2      | Killed Jessica
  1317 | D:2      | Noticed Natasha
  1326 | D:2      | Killed Natasha
  1414 | D:2      | Noticed Natasha
  1418 | D:2      | Killed Natasha
  1419 | D:2      | Reached skill level 1 in Fighting
  1419 | D:2      | Reached XP level 5. HP: 29/29 MP: 6/9
  1607 | D:2      | Reached skill level 5 in Earth Magic
  1787 | D:2      | Found Rodunyn's Armour Shop.
  1838 | D:2      | Identified the +2 hammer "Worm" {heavy, Str+4}
  1841 | D:2      | Identified the +7 hammer of the Bursting Seeker {venom,
                  | rElec rF+ Int-2}
  1845 | D:2      | Found a runed translucent door.
  1846 | D:2      | Noticed Crazy Yiuf
  1857 | D:2      | Killed Crazy Yiuf
  1958 | D:2      | Noticed Natasha
  1961 | D:2      | Killed Natasha
  1962 | D:2      | Reached XP level 6. HP: 35/35 MP: 11/11
  1980 | D:2      | Found Irhax's Antique Weapon Boutique.
  2098 | D:3      | Found an ornate altar of the Wu Jian Council.
  2098 | D:3      | Found an ancient bone altar of Kikubaaqudgha.
  2099 | D:3      | Found a snail-covered altar of Cheibriados.
  2362 | D:3      | Found a basalt altar of Yredelemnul.
  2980 | D:3      | Became a worshipper of Kikubaaqudgha
  3043 | D:4      | Noticed a black bear
  3050 | D:4      | Killed a black bear
  3108 | D:4      | Noticed a black bear
  3108 | D:4      | Noticed a hornet
  3153 | D:4      | Reached XP level 7. HP: 35/40 MP: 12/12
  3218 | D:4      | Found Dyragy's Assorted Antiques.
  3219 | D:4      | Found Meoddiggue's Armour Boutique.
  3343 | D:4      | Learned a level 3 spell: Stone Arrow
  3347 | D:4      | Learned a level 3 spell: Mephitic Cloud
  3390 | D:4      | Reached skill level 5 in Stealth
  3577 | D:4      | Reached skill level 1 in Conjurations
  3726 | D:5      | Entered Level 5 of the Dungeon
  3846 | D:5      | Reached skill level 1 in Necromancy
  3911 | D:5      | Found a radiant altar of Vehumet.
  3957 | D:5      | Reached XP level 8. HP: 40/48 MP: 5/13
  4229 | D:5      | Found a staircase to the Ecumenical Temple.
  4278 | D:5      | Reached * piety under Kikubaaqudgha
  4278 | D:5      | Received a gift from Kikubaaqudgha
  4284 | D:5      | Learned a level 4 spell: Animate Dead
  4348 | D:5      | Fell from the grace of Kikubaaqudgha
  4348 | D:5      | Became a worshipper of Vehumet
  4361 | D:5      | Found a runed translucent gate.
  4361 | D:5      | Found a runed translucent gate.
  4365 | D:5      | Found a runed translucent gate.
  4398 | D:5      | Noticed Esekla's ghost (weakling OpDe)
  4774 | D:5      | Identified a scroll of acquirement
  4774 | D:5      | Acquired 738 gold pieces
  4860 | D:5      | Found the +3 pair of gauntlets of War {Slay+5}
  5204 | D:5      | Killed Esekla's ghost
  5431 | D:2      | Bought the +1 helmet of Xom {Int+4} for 273 gold pieces
  5483 | D:2      | Bought an ichor-stained great sword for 264 gold pieces
  5483 | D:2      | Identified the +9 great sword "Pytec" {drain, rElec Dex+2}
                  | (You bought it in a shop on level 2 of the Dungeon)
  5685 | D:6      | Reached skill level 5 in Fighting
  5685 | D:6      | Reached XP level 9. HP: 51/54 MP: 14/14
  5707 | D:6      | Reached * piety under Vehumet
  5707 | D:6      | Offered knowledge of Foxfire by Vehumet.
  5793 | D:6      | Identified the +9 dagger of Iruzonecs {vamp, Int+4 SInv}
  5834 | D:6      | Reached skill level 1 in Short Blades
  5930 | D:6      | Found a glowing drain.
  5937 | Sewer    | Entered a sewer
  6082 | Sewer    | Reached ** piety under Vehumet
  6082 | Sewer    | Offered knowledge of Poisonous Vapours by Vehumet.
  7265 | D:7      | Offered knowledge of Static Discharge by Vehumet.
  7647 | D:8      | Reached XP level 10. HP: 61/61 MP: 15/15
  7662 | D:8      | Found a sand-covered staircase.
  7675 | D:8      | Found Zetohef's Antique Weapon Shop.
  7702 | D:8      | Reached *** piety under Vehumet
  7882 | Ossuary  | Entered an ossuary
  7916 | Ossuary  | Offered knowledge of Inner Flame by Vehumet.
  8022 | Ossuary  | Reached **** piety under Vehumet
  8098 | Ossuary  | Offered knowledge of Fireball by Vehumet.
  8127 | Ossuary  | Learned a level 5 spell: Fireball
  8170 | Ossuary  | Noticed Menkaure
  8186 | Ossuary  | Killed Menkaure
  8316 | D:8      | Found a hide-covered altar of Uskayaw.
  8591 | D:8      | Found a blossoming altar of Fedhas.
  8946 | D:8      | Found a glowing silver altar of Zin.
  9144 | D:9      | Reached skill level 5 in Necromancy
  9170 | D:9      | Reached ***** piety under Vehumet
  9190 | D:9      | Offered knowledge of Fulminant Prism by Vehumet.
  9346 | D:9      | Found an iron altar of Okawaru.
  9649 | D:10     | Entered Level 10 of the Dungeon
  9658 | D:10     | Noticed a kobold demonologist
  9660 | D:10     | Noticed a kobold demonologist
  9661 | D:10     | Noticed a kobold demonologist
  9661 | D:10     | Noticed a kobold demonologist
  9669 | D:10     | Noticed an orange demon
  9673 | D:10     | Killed a kobold demonologist
  9674 | D:10     | Reached skill level 5 in Spellcasting
  9678 | D:10     | Killed a kobold demonologist
  9679 | D:10     | Reached skill level 1 in Fire Magic
  9685 | D:10     | Killed a kobold demonologist
  9687 | D:10     | Killed a kobold demonologist
  9865 | D:10     | Found a flagged portal.
  9883 | Bailey   | Entered a bailey
  9892 | Bailey   | Noticed an orc knight
 10022 | Bailey   | Was forgiven by Kikubaaqudgha
 10029 | Bailey   | Killed an orc knight
 10030 | Bailey   | Reached skill level 5 in Short Blades
 10030 | Bailey   | Reached skill level 5 in Conjurations
 10030 | Bailey   | Reached XP level 11. HP: 57/68 MP: 2/19
 10324 | D:10     | Found a shimmering altar of Xom.
 10324 | D:10     | Noticed Fannar
 10343 | D:10     | Killed Fannar
 10344 | D:10     | Reached skill level 1 in Shields
 10835 | D:11     | Noticed a cyclops
 10840 | D:11     | Killed a cyclops
 10938 | D:11     | Found a staircase to the Lair.
 11092 | D:11     | Found a staircase to the Orcish Mines.
 11251 | D:11     | Noticed a two-headed ogre
 11254 | D:11     | Killed a two-headed ogre
 11637 | D:11     | Noticed a cyclops
 11642 | D:11     | Noticed a purple ugly thing
 11644 | D:11     | Killed a cyclops
 11655 | D:11     | Killed a purple ugly thing
 11658 | D:11     | Noticed a sea snake
 11678 | D:11     | Noticed a steelbarb worm
 11753 | D:11     | Found a burning altar of Makhleb.
 11753 | D:11     | Noticed a balrug
 12005 | Lair:1   | Entered Level 1 of the Lair of Beasts
 12163 | Lair:1   | Offered knowledge of Lee's Rapid Deconstruction by Vehumet.
 12170 | Lair:1   | Learned a level 5 spell: Lee's Rapid Deconstruction
 12192 | Lair:1   | Found a dark tunnel.
 12200 | Volcano  | Entered a volcano
 12225 | Volcano  | Reached XP level 12. HP: 76/76 MP: 21/21
 12269 | Volcano  | Noticed a sun demon
 12270 | Volcano  | Killed a sun demon
 12285 | Volcano  | Noticed a sun demon
 12296 | Volcano  | Killed a sun demon
 12437 | Volcano  | Noticed a sun demon
 12439 | Volcano  | Noticed a sun demon
 12451 | Volcano  | Killed a sun demon
 12452 | Volcano  | Reached skill level 5 in Fire Magic
 12455 | Volcano  | Killed a sun demon
 12474 | Volcano  | Noticed a fire dragon
 12485 | Volcano  | Killed a fire dragon
 12849 | Lair:1   | Reached skill level 5 in Shields
 13398 | Lair:2   | Noticed a five-headed hydra
 13402 | Lair:2   | Killed a five-headed hydra
 13470 | Lair:2   | Noticed a six-headed hydra
 13474 | Lair:2   | Killed a six-headed hydra
 13663 | Lair:2   | Found a frozen archway.
 13762 | IceCv    | Entered an ice cave
 14067 | IceCv    | Reached XP level 13. HP: 76/80 MP: 16/24
 14605 | IceCv    | Noticed a white draconian
 14624 | IceCv    | Killed a white draconian
 14956 | Lair:2   | Found a hole to the Spider Nest.
 15311 | Lair:2   | Identified the ring "Nenash" {Contam rN+ MP+9 Str+3 Dex+3}
 15451 | Lair:2   | Found a staircase to the Swamp.
 15603 | Lair:3   | Found a transporter.
 15622 | Lair:3   | Noticed Nessos
 15643 | Lair:3   | Killed Nessos
 15748 | Lair:3   | Noticed Quget's ghost (journeyman HOFi)
 15753 | Lair:3   | Found a bloodstained altar of Trog.
 15761 | Lair:3   | Found a transporter.
 15764 | Lair:3   | Found a transporter.
 15806 | Lair:3   | Found a transporter.
 16498 | Lair:4   | Found a gate leading to a gauntlet.
 16508 | Gauntlet | Entered a Gauntlet
 16508 | Gauntlet | Found a transporter.
 16511 | Gauntlet | Found a transporter.
 16521 | Gauntlet | Found a transporter.
 16524 | Gauntlet | Found a transporter.
 16534 | Gauntlet | Found a transporter.
 16534 | Gauntlet | Found a transporter.
 16544 | Gauntlet | Found a transporter.
 16546 | Gauntlet | Noticed a dire elephant
 16547 | Gauntlet | Found a transporter.
 16848 | Gauntlet | Killed a dire elephant
 16864 | Gauntlet | Identified the +1 acid dragon scales of Crawling {rCorr
                  | SInv}
 16993 | Gauntlet | Identified the amulet "Resulurr" {rPois Regen+ Str+3
                  | Slay+2}
 16993 | Gauntlet | Noticed a minotaur
 17004 | Gauntlet | Killed a minotaur
 17015 | Gauntlet | Identified the ring of Koable {Fly SInv}
 17321 | Lair:4   | Found a runed translucent door.
 17324 | Lair:4   | Found a staircase to the Slime Pits.
 17358 | Lair:4   | Identified the +6 rapier of the Hammering Gods {flame,
                  | Contam Fly rN+++ Int+2}
 17483 | Lair:4   | Noticed Urug
 17495 | Lair:4   | Killed Urug
 17680 | Lair:4   | Offered knowledge of Freezing Cloud by Vehumet.
 17693 | Lair:4   | Learned a level 5 spell: Freezing Cloud
 17730 | Lair:5   | Entered Level 5 of the Lair of Beasts
 17808 | Lair:5   | Reached skill level 1 in Armour
 17816 | Lair:5   | Reached skill level 1 in Ice Magic
 17816 | Lair:5   | Reached skill level 1 in Air Magic
 17908 | Lair:5   | Gained mutation: Your large and strong wings let you fly.
                  | [Gargoyle growth]
 17908 | Lair:5   | Reached XP level 14. HP: 86/86 MP: 24/26
 18558 | Lair:5   | Reached skill level 10 in Fighting
 18945 | Lair:5   | Found a runed translucent door.
 19104 | Orc:1    | Entered Level 1 of the Orcish Mines
 19431 | Orc:1    | Noticed Jorgrun
 19443 | Orc:1    | Killed Jorgrun
 19566 | Orc:2    | Entered Level 2 of the Orcish Mines
 19566 | Orc:2    | Found a staircase to the Elven Halls.
 19566 | Orc:2    | Found Zahanav's Magic Scroll Boutique.
 19566 | Orc:2    | Found Osaeda's Armour Boutique.
 19588 | Orc:2    | Reached skill level 5 in Armour
 19590 | Orc:2    | Found Serph's Jewellery Shoppe.
 19612 | Orc:2    | Reached XP level 15. HP: 78/93 MP: 28/28
 19641 | Orc:2    | Reached ****** piety under Vehumet
 19717 | Orc:2    | Offered knowledge of Conjure Ball Lightning by Vehumet.
 19729 | Orc:2    | Reached skill level 5 in Ice Magic
 19839 | Orc:2    | Found Edasor's Magic Scroll Shop.
 19890 | Orc:2    | Found Cacw's Weapon Shop.
 20039 | Orc:2    | Bought the +10 tower shield of Ignorance {rN+ Int-4} for
                  | 916 gold pieces
 20039 | Orc:2    | Found the +10 tower shield of Ignorance {rN+ Int-4}
 20039 | Orc:2    | Bought the +0 cloak of Nihuo {rC- Int+5} for 240 gold
                  | pieces
 20061 | Orc:2    | Learned a level 3 spell: Ozocubu's Armour
 20084 | Elf:1    | Entered Level 1 of the Elven Halls
 20163 | Orc:2    | Bought a scroll of identify for 24 gold pieces
 20163 | Orc:2    | Bought a scroll of amnesia for 48 gold pieces
 20163 | Orc:2    | Bought a scroll of identify for 24 gold pieces
 20174 | Orc:2    | Learned a level 6 spell: Conjure Ball Lightning
 20183 | Orc:2    | Learned a level 6 spell: Iron Shot
 20572 | D:12     | Reached skill level 5 in Dodging
 20852 | D:13     | Reached skill level 10 in Spellcasting
 21353 | D:13     | Found Miromit's Armour Emporium.
 22435 | Lair:3   | Offered knowledge of Irradiate by Vehumet.
 22478 | Lair:3   | Killed Quget's ghost
 22479 | Lair:3   | Reached skill level 10 in Earth Magic
 22640 | Swamp:1  | Entered Level 1 of the Swamp
 22797 | Swamp:1  | Learned a level 5 spell: Irradiate
 23542 | Swamp:1  | Reached skill level 10 in Conjurations
 23542 | Swamp:1  | Reached XP level 16. HP: 100/100 MP: 22/30
 24308 | Swamp:2  | Found a runed translucent door.
 24405 | Swamp:2  | Noticed jasper's ghost (adept HuCj)
 24410 | Swamp:2  | Identified the +3 ring mail "Kuhikhoz" {rF+ Int+2}
 24464 | Swamp:2  | Killed jasper's ghost
 24696 | Swamp:2  | Identified the +0 chain mail "Ximun" {Harm *Corrode rElec
                  | rN++}
 25082 | Swamp:2  | Acquired 806 gold pieces
 25487 | Swamp:3  | Noticed Nikola
 25516 | Swamp:3  | Killed Nikola
 25625 | Swamp:3  | Learned a level 1 spell: Summon Small Mammal
 25661 | Swamp:3  | Gained mutation: Armour fits poorly on your strangely
                  | shaped body. [mutagenic glow]
 25759 | Swamp:3  | Offered knowledge of Eringya's Noxious Bog by Vehumet.
 25878 | Swamp:3  | Reached skill level 1 in Summonings
 26030 | Swamp:3  | Reached skill level 10 in Stealth
 26416 | Swamp:3  | Found a transporter.
 26418 | Swamp:3  | Noticed a tentacled monstrosity
 26418 | Swamp:3  | Noticed a thorn hunter
 26418 | Swamp:3  | Noticed a thorn hunter
 26418 | Swamp:3  | Identified the +4 lajatang "Quihic" {pain, rF- rCorr Str+2}
 26418 | Swamp:3  | Identified the ring of the Eleven Knaves {rElec rPois EV+5
                  | Str-3 Int+3}
 26421 | Swamp:3  | Noticed a tentacled monstrosity
 26433 | Swamp:3  | Noticed a fenstrider witch
 26455 | Swamp:3  | Found a transporter.
 26798 | Swamp:4  | Entered Level 4 of the Swamp
 27507 | Swamp:4  | Noticed a thorn hunter
 27509 | Swamp:4  | Reached skill level 10 in Shields
 27510 | Swamp:4  | Reached XP level 17. HP: 80/104 MP: 32/32
 28180 | Swamp:4  | Got a decaying rune of Zot
 28279 | Swamp:3  | Learned a level 7 spell: Spellforged Servitor
 28386 | Spider:1 | Entered Level 1 of the Spider Nest
 28739 | Spider:1 | Identified the +0 ring mail of the Leaf {rN+ Will+ Slay-4
                  | Stlth+}
 28829 | Spider:1 | Offered knowledge of Ignition by Vehumet.
 29352 | Spider:1 | Identified the amulet of Bavyub {Faith Drain rC+ Str+2}
 30002 | Spider:2 | Noticed Mlioglotl
 30017 | Spider:1 | Killed Mlioglotl
 30247 | Spider:2 | Learned a level 8 spell: Ignition
 30334 | Spider:2 | Reached skill level 1 in Transmutations
 30432 | Spider:2 | Acquired the Exposition on the Dusty Entourage
 30568 | Spider:2 | Reached skill level 5 in Summonings
 31265 | Spider:3 | Offered knowledge of Shatter by Vehumet.
 31265 | Spider:3 | Offered knowledge of Chain Lightning by Vehumet.
 31265 | Spider:3 | Offered knowledge of Maxwell's Capacitive Coupling by
                  | Vehumet.
 31656 | Spider:3 | Reached XP level 18. HP: 109/110 MP: 10/34
 31683 | Spider:3 | Learned a level 5 spell: Borgnjor's Vile Clutch
 31974 | Spider:4 | Entered Level 4 of the Spider Nest
 32139 | Spider:4 | Noticed Mara
 32154 | Spider:4 | Killed Mara
 32787 | Spider:4 | Identified the +3 kite shield of Beogh {Drain rN+ Int+4
                  | Slay+2}
 32787 | Spider:4 | Noticed Donald
 32794 | Spider:4 | Killed Donald
 33026 | Spider:4 | Noticed Asterion
 33039 | Spider:4 | Killed Asterion
 33269 | Spider:4 | Noticed Arachne
 33289 | Spider:4 | Killed Arachne
 33290 | Spider:4 | Reached skill level 5 in Air Magic
 33679 | Spider:4 | Reached skill level 5 in Transmutations
 34079 | Spider:4 | Found the +5 Storm Queen's Shield {shock, Fly rElec}
 34302 | Spider:4 | Identified the +1 pair of boots of Icito {rC- rN++}
 34387 | Spider:4 | Learned a level 7 spell: Spellforged Servitor
 34428 | Spider:4 | Got a gossamer rune of Zot
 34774 | D:11     | Identified the ring of Zeteaqivae {Ice MP+9 Dex+2}
 35594 | D:11     | Reached XP level 19. HP: 110/111 MP: 35/35
 36696 | D:14     | Found a gate to the Vaults.
 36929 | D:15     | Entered Level 15 of the Dungeon
 36981 | D:15     | Found a staircase to the Depths.
 37639 | D:15     | Noticed Agnes
 37642 | D:15     | Killed Agnes
 38191 | D:15     | Found a stormy altar of Qazlal.
 38968 | Elf:1    | Paralysed by an air elemental for 1 turns
 39201 | Elf:1    | Identified the +4 broad axe of Currency {flame, Will+}
 40378 | Elf:2    | Paralysed by an air elemental for 1 turns
 40678 | Elf:2    | Found a portal to a secret trove of treasure.
 40749 | Elf:2    | Learned a level 8 spell: Lehudib's Crystal Spear
 41075 | Elf:2    | Found a runed translucent gate.
 41076 | Elf:2    | Found a runed translucent gate.
 41076 | Elf:2    | Found a runed translucent gate.
 41314 | Elf:2    | Reached XP level 20. HP: 125/125 MP: 35/37
 41442 | Elf:3    | Entered Level 3 of the Elven Halls
 42277 | Elf:3    | Noticed Saint Roka
 42312 | Elf:3    | Killed Saint Roka
 42322 | Elf:3    | Noticed miscthings's ghost (adept DjCj)
 42453 | Elf:3    | Found a runed translucent door.
 42532 | Elf:3    | Reached skill level 15 in Shields
 42629 | Elf:3    | Found Sevimn's Book Emporium.
 42636 | Elf:3    | Bought a book of Annihilations for 1020 gold pieces
 42670 | Elf:3    | Identified the ring "Adupp" {rPois rF+ Will+}
 42796 | Abyss:3  | Cast into level 3 of the Abyss (a deep elf demonologist)
 42800 | Abyss:3  | Found a shimmering altar of Xom.
 42892 | Abyss:3  | Found a transporter.
 42934 | Abyss:3  | Noticed a profane servitor
 42952 | Abyss:3  | Noticed a dread lich
 42956 | Abyss:3  | Noticed a Tzitzimitl
 42958 | Abyss:3  | Killed a profane servitor
 42960 | Abyss:3  | Killed a dread lich
 43038 | Abyss:3  | Found a transporter.
 43044 | Abyss:3  | Got an abyssal rune of Zot
 43066 | Elf:3    | Escaped the Abyss
 43363 | Elf:3    | Found Veza's Book Emporium.
 43385 | Elf:3    | Found Qickoaho's Jewellery Shop.
 43386 | Elf:3    | Found Welaixeschoa's Book Emporium.
 43688 | Elf:3    | Identified the +7 morningstar of Gatouhu {heavy, rN+ Will+}
 43688 | Elf:3    | Identified the amulet "Vezadi" {Reflect Rampage rElec SH+5}
 43923 | Elf:3    | Reached XP level 21. HP: 132/132 MP: 34/38
 43973 | Elf:3    | Identified the +2 quarterstaff "Qaesul" {venom, *Corrode
                  | Fly rN+++}
 43973 | Elf:3    | Identified the amulet "Gotile" {Spirit rPois Str+2 Stlth+}
 44293 | Elf:3    | Identified the +10 long sword of the Lesser Evil {freeze,
                  | rC+ rN+}
 44293 | Elf:3    | Identified the ring "Kest" {rF+ Dex+3}
 44309 | Elf:3    | Identified the +1 hand crossbow "Ihelomor" {antimagic,
                  | rElec rF+ Int+2 Stlth-}
 44451 | Elf:3    | Got the Disquisition on the Escort and Degeneration
 44464 | Elf:3    | Identified the +1 dagger of Evolution {drain, Int+2}
 44475 | Elf:3    | Got Ypaliuwk's Papyrus of Anthracomancy and the Excursion
 44677 | Elf:3    | Killed miscthings's ghost
 44855 | Elf:2    | You showed the abyssal rune of Zot to enter a treasure
                  | trove
 44856 | Trove    | Entered a treasure trove
 44861 | Trove    | Found the +3 pair of mountain boots {steadfast, rC+}
 44871 | Trove    | Identified the +0 pair of gloves "Koanuz" {rF+ Dex+2}
 44872 | Trove    | Identified the +2 hat of Twilight {Rampage Int+2}
 44873 | Trove    | Identified the +7 leather armour of Perpetual Drought
                  | {Stlth+}
 44875 | Trove    | Identified the +1 pair of gloves of the Conjuring Gods
                  | {SInv}
 44878 | Trove    | Identified the +4 pair of boots "Maetyhal" {Str+5 Dex-5
                  | Slay+2 SInv}
 44880 | Trove    | Identified the +1 tower shield of Loss {Rampage rElec
                  | Str+3}
 44882 | Trove    | Identified the +1 helmet of Ennui {rC+ Slay+3}
 44883 | Trove    | Identified the +0 pair of boots of Gozag's Outrage {rN+
                  | Str+4 Int+3}
 45773 | Vaults:1 | Entered Level 1 of the Vaults
 45777 | Vaults:1 | Identified the amulet of Dajughish {Reflect Regen+ SH+5}
 45988 | Vaults:1 | Found Lossut's Antique Armour Shoppe.
 46046 | Vaults:1 | Bought a polished troll leather armour for 840 gold pieces
 46046 | Vaults:1 | Identified the +1 troll leather armour "Dehuun" {Drain
                  | Regen+ MP+9 SInv} (You bought it in a shop on level 1 of
                  | the Vaults)
 46089 | Vaults:1 | Found Dalaleik's Weapon Shop.
 46727 | Vaults:1 | Found Juxeqin's Book Boutique.
 46795 | Vaults:1 | Identified the +1 scale mail of Untold Secrets {Int+2
                  | Stlth+}
 47355 | Vaults:1 | Found Bunuerip's Jewellery Shop.
 48037 | Vaults:2 | Found a staircase to the Crypt.
 48079 | Vaults:2 | Found Agudyanu's Assorted Antiques.
 48166 | Vaults:2 | Bought a scroll of blinking for 262 gold pieces
 48694 | Vaults:2 | Reached skill level 15 in Conjurations
 48782 | Vaults:2 | Reached XP level 22. HP: 122/138 MP: 23/39
 48789 | Vaults:2 | Noticed a golden dragon
 49131 | Vaults:2 | Reached skill level 10 in Summonings
 49285 | Vaults:2 | Paralysed by a great orb of eyes for 2 turns
 49504 | Vaults:2 | Found a runed translucent gate.
 49504 | Vaults:2 | Found a runed translucent gate.
 49504 | Vaults:2 | Found a runed translucent gate.
 49507 | Vaults:2 | Noticed tkbsonic5's ghost (adept DjSu)
 49665 | Vaults:2 | Killed a golden dragon
 49974 | Vaults:2 | Identified the +1 sling "Bautid" {freeze, +Blink rCorr
                  | Str+3}
 50056 | Vaults:2 | Identified the amulet of the Hippo {Acrobat Int+4 Stlth+}
 50060 | Vaults:2 | Identified the +6 battleaxe of Sunlight {spect, Will+
                  | Int+2}
 50268 | Vaults:2 | Paralysed by a great orb of eyes for 5 turns
 50278 | Vaults:2 | Killed tkbsonic5's ghost
 50436 | Vaults:2 | Identified the +2 cloak of Forking Paths {Will+ Dex+2}
 50769 | Vaults:3 | Reached skill level 10 in Armour
 51752 | Vaults:4 | Found Reso's General Store.
 52166 | Vaults:4 | Reached XP level 23. HP: 143/143 MP: 40/40
 52271 | Vaults:4 | Bought a scroll of blinking for 105 gold pieces
 52271 | Vaults:4 | Bought a scroll of summoning for 133 gold pieces
 52271 | Vaults:4 | Bought a potion of magic for 112 gold pieces
 52382 | Abyss:3  | Cast into level 3 of the Abyss (a wizard)
 52476 | Vaults:4 | Escaped the Abyss
 53240 | Vaults:5 | Entered Level 5 of the Vaults
 53243 | Vaults:5 | Noticed Boris
 53372 | Vaults:4 | Killed Boris
 53474 | Vaults:5 | Reached skill level 10 in Dodging
 53500 | Vaults:5 | Noticed a golden dragon
 53876 | Vaults:5 | Killed a golden dragon
 54109 | Vaults:5 | Noticed a golden dragon
 54113 | Vaults:5 | Killed a golden dragon
 54285 | Vaults:5 | Identified the +6 flail of World Downfall {speed, rF++
                  | Will- rCorr Int+3}
 54450 | Vaults:5 | Identified the +4 chain mail of Snakes and Ladders {Fly
                  | rF++ rN++ Dex-3}
 54709 | Vaults:5 | Reached XP level 24. HP: 149/149 MP: 20/40
 55168 | Vaults:5 | Identified the +4 quarterstaff "Gargoyle's Foe" {antimagic,
                  | rF- rCorr Str+3 Dex+5}
 55657 | Vaults:5 | Got a silver rune of Zot
 55896 | Depths:1 | Entered Level 1 of the Depths
 55906 | Depths:1 | Found Qubruty's Antique Armour Shoppe.
 56033 | Depths:1 | Found Vejaif's Antique Armour Shoppe.
 56097 | Depths:1 | Found a magical portal.
 56105 | WizLab   | Entered Cigotuvi's Fleshworks
 56531 | WizLab   | Reached skill level 15 in Fighting
 56682 | WizLab   | Got the Folio of Shapes
 56684 | WizLab   | Got Cigotuvi's Spellbook of Transmogrification and Corpses
 56687 | WizLab   | Got the Precepts of Alteration
 56711 | WizLab   | Reached skill level 15 in Earth Magic
 56946 | WizLab   | Paralysed by a floating eye for 3 turns
 56968 | WizLab   | Paralysed by a floating eye for 4 turns
 56979 | WizLab   | Paralysed by a floating eye for 2 turns
 56999 | WizLab   | Found the -2 hat of the Alchemist {rElec rPois rF+ rC+ rN+
                  | Will+ rMut rCorr}
 57345 | Depths:1 | Lost mutation: Armour fits poorly on your strangely shaped
                  | body. [potion of mutation]
 57345 | Depths:1 | Gained mutation: You expend magic power (3 MP) to
                  | strengthen your wands. [potion of mutation]
 57345 | Depths:1 | Gained mutation: You are vulnerable to cold. (rC-) [potion
                  | of mutation]
 57345 | Depths:1 | Gained mutation: You are strong-willed. (Will+) [potion of
                  | mutation]
 57345 | Depths:1 | Gained mutation: You are highly strong-willed. (Will++)
                  | [potion of mutation]
 57648 | Depths:1 | Found a one-way gate leading to the halls of Pandemonium.
 57884 | Depths:1 | Found Emudi's Jewellery Shoppe.
 58009 | Depths:1 | Found Jeajeci's Assorted Antiques.
 58014 | Depths:1 | Bought a scroll of acquirement for 2496 gold pieces
 58014 | Depths:1 | Acquired the ring of the Harvest {Drain +Blink rElec AC+4}
 58195 | Depths:1 | Found a gateway to Hell.
 59585 | Depths:2 | Identified the +3 spear of Income {freeze, rN+ MP+9 Int+4
                  | SInv}
 59749 | Depths:2 | Noticed a juggernaut
 59759 | Depths:2 | Killed a juggernaut
 60526 | Depths:2 | Noticed the Enchantress
 60533 | Depths:2 | Killed the Enchantress
 60534 | Depths:2 | Reached XP level 25. HP: 135/156 MP: 32/40
 60976 | Depths:3 | Identified the +1 chain mail of Analysis {MP+9 Slay+2}
 61042 | Depths:3 | Reached skill level 15 in Stealth
 61766 | Depths:3 | Found a one-way gate to the infinite horrors of the Abyss.
 61884 | Depths:3 | Paralysed by you for 5 turns
 62156 | Depths:3 | Paralysed by you for 3 turns
 62177 | Depths:3 | Paralysed by you for 4 turns
 62184 | Depths:3 | Identified the ring "Yhawiss" {Contam rElec rC+ Dex+7
                  | Stlth-}
 62186 | Depths:3 | Identified the ring of Hepliaklqana's Whim {rPois rF+
                  | Dex+6}
 62410 | Depths:3 | Found a hazy altar of Hepliaklqana.
 62544 | Depths:4 | Entered Level 4 of the Depths
 63147 | Depths:4 | Found a runed translucent door.
 63149 | Depths:4 | Noticed Osilorir's ghost (veteran MfMo)
 63247 | Depths:4 | Found a one-way gateway to a ziggurat.
 63276 | Depths:4 | Reached skill level 1 in Maces & Flails
 63545 | Depths:4 | Reached skill level 10 in Fire Magic
 64006 | Depths:4 | Found a gate to the Realm of Zot.
 64232 | Zot:1    | Entered Level 1 of the Realm of Zot
 64234 | Zot:1    | Noticed an orb of fire
 64395 | Depths:4 | Killed an orb of fire
 64861 | Zot:1    | Noticed an orb of fire
 64865 | Zot:1    | Killed an orb of fire
 64866 | Zot:1    | Reached skill level 5 in Maces & Flails
 65427 | Zot:1    | Reached XP level 26. HP: 115/163 MP: 28/40
 65664 | Zot:1    | Noticed an orb of fire
 65735 | Zot:1    | Killed an orb of fire
 65738 | Zot:1    | Identified the +5 dagger of Weilieppu {flame, rC- Dex+5}
 65739 | Zot:1    | Got the Cyclopedia of The Black Sun
 66599 | Slime:1  | Entered Level 1 of the Pits of Slime
 66889 | Slime:5  | Entered Level 5 of the Pits of Slime
 67135 | Slime:5  | Found a viscous altar of Jiyva.
 67135 | Slime:5  | Noticed the Royal Jelly
 67167 | Slime:5  | Killed the Royal Jelly
 67174 | Slime:5  | Gained mutation: Your magical capacity is low. (-10% MP)
                  | [mutagenic glow]
 67199 | Slime:5  | Gained mutation: You are dopey. (Int -2) [mutagenic glow]
 67302 | Slime:4  | Lost mutation: You expend magic power (3 MP) to strengthen
                  | your wands. [potion of mutation]
 67302 | Slime:4  | Lost mutation: You are highly strong-willed. (Will++)
                  | [potion of mutation]
 67302 | Slime:4  | Lost mutation: You are vulnerable to cold. (rC-) [potion of
                  | mutation]
 67302 | Slime:4  | Gained mutation: You have a pair of small antennae on your
                  | head. [potion of mutation]
 67302 | Slime:4  | Lost mutation: Your magical capacity is low. (-10% MP)
                  | [potion of mutation]
 67302 | Slime:4  | Gained mutation: Your muscles are strong. (Str +4, Int/Dex
                  | -1) [potion of mutation]
 67303 | Slime:4  | Lost mutation: You are strong-willed. (Will+) [potion of
                  | mutation]
 67303 | Slime:4  | Lost mutation: You have a pair of small antennae on your
                  | head. [potion of mutation]
 67303 | Slime:4  | Lost mutation: You are dopey. (Int -2) [potion of mutation]
 67303 | Slime:4  | Gained mutation: Your flesh is heat resistant. (rF+)
                  | [potion of mutation]
 67303 | Slime:4  | Gained mutation: You expend magic power (3 MP) to
                  | strengthen your wands. [potion of mutation]
 67454 | Slime:5  | Identified the amulet "Focue" {rElec Regen+ Str+5 Dex+3}
 67461 | Slime:5  | Identified the amulet "Kiyptaul" {rC++ Will+++ Regen+ Str-3
                  | Int+3}
 67498 | Slime:5  | Acquired the amulet "Woyrot" {RegenMP rF- Regen+ rCorr
                  | Str+4}
 67538 | Slime:5  | Got Gidwougem's Grimoire of Composition
 67544 | Slime:5  | Identified the amulet "Sogawuit" {Faith -Tele Regen+ Str-3
                  | Dex+9}
 67548 | Slime:5  | Got a slimy rune of Zot
 67579 | Slime:5  | Identified the +2 hand axe of the Apocalypse {holy, Stlth+}
 70380 | Zot:3    | Reached skill level 10 in Maces & Flails
 70402 | Zot:3    | Reached XP level 27. HP: 97/168 MP: 13/41
 70747 | Zot:3    | Found a shimmering altar of Xom.
 71201 | Zot:3    | You are sucked into a shaft and drop 1 floor!
 71966 | Zot:3    | Reached skill level 15 in Spellcasting
 72153 | Zot:5    | Entered Level 5 of the Realm of Zot
 73297 | Zot:5    | Noticed a dread lich
 73301 | Zot:5    | Killed a dread lich
 73309 | Zot:5    | Noticed an ancient lich
 73316 | Zot:5    | Killed an ancient lich
 73366 | Zot:5    | Noticed an orb of fire
 73371 | Zot:5    | Killed an orb of fire
 73375 | Zot:5    | Noticed an ancient lich
 73392 | Zot:5    | Killed an ancient lich
 73796 | Zot:5    | Got the Precepts of Battle Magic
 74318 | Pan      | Entered Pandemonium
 74328 | Pan      | Noticed Naloclurch the pandemonium lord
 75533 | Pan      | Killed Naloclurch the pandemonium lord
 76228 | Pan      | Entered the realm of Lom Lobon.
 76263 | Pan      | Noticed Ignacio
 76277 | Pan      | Killed Ignacio
 76547 | Pan      | Identified the ring "Zalysoto" {Fly rPois Str+2 Dex+3 SInv}
 78374 | Pan      | Noticed Lom Lobon
 78419 | Pan      | Killed Lom Lobon
 78626 | Pan      | Got a magical rune of Zot
 79383 | Pan      | Noticed Mennas
 79398 | Pan      | Killed Mennas
 79614 | Pan      | Found a huge runed translucent gate.
 79614 | Pan      | Found a huge runed translucent gate.
 79614 | Pan      | Found a huge runed translucent gate.
 79616 | Pan      | Found a huge runed translucent gate.
 79617 | Pan      | Found a huge runed translucent gate.
 79667 | Pan      | Found a huge runed translucent gate.
 79670 | Pan      | Found a huge runed translucent gate.
 79679 | Pan      | Noticed Cit Beit the pandemonium lord
 79692 | Pan      | Killed Cit Beit the pandemonium lord
 80389 | Pan      | Gained mutation: You are strong-willed. (Will+) [a
                  | cacodemon]
 80587 | Pan      | Noticed Ogurese the pandemonium lord
 80607 | Pan      | Reached skill level 15 in Fire Magic
 80609 | Pan      | Killed Ogurese the pandemonium lord
 81903 | Pan      | Found a transporter.
 81904 | Pan      | Found a transporter.
 82092 | Pan      | Identified the +0 leather armour of the Arena {rElec rC-
                  | Dex+3}
 82093 | Pan      | Identified the +0 cloak of Okawaru's Wrath {rC- Will+ rCorr
                  | Str+8 Stlth-}
 82102 | Pan      | Identified the ring of Happiness {rPois rC- rCorr Int+6
                  | Stlth-}
 82318 | Pan      | Learned a level 9 spell: Shatter
 82318 | Pan      | Noticed Haddicoell the pandemonium lord
 82666 | Pan      | Found an exit through the horrors of the Abyss.
 82887 | Pan      | Killed Haddicoell the pandemonium lord
 82967 | Pan      | Got a demonic rune of Zot
 83428 | Pan      | Entered the realm of Gloorx Vloq.
 83428 | Pan      | Found an exit through the horrors of the Abyss.
 83961 | Pan      | Noticed Gloorx Vloq
 83985 | Pan      | Killed Gloorx Vloq
 84076 | Pan      | Got a dark rune of Zot
 84924 | Pan      | Noticed Iviw the pandemonium lord
 84947 | Pan      | Killed Iviw the pandemonium lord
 85047 | Pan      | Entered the realm of Cerebov.
 85587 | Pan      | Identified the ring of Mutaown {Fire rN+}
 85731 | Pan      | Identified the +6 battleaxe "Wojink" {freeze, Str+5 Int-5
                  | Dex+3}
 85831 | Pan      | Identified the ring "Ushuir" {*Corrode rElec rF+ rC+ Dex+2}
 85831 | Pan      | Found the +6 sword of Cerebov {flame}
 85831 | Pan      | Noticed Cerebov
 85944 | Pan      | Identified the ring "Roachebe" {rPois Dex+5}
 86033 | Pan      | Killed Cerebov
 86045 | Pan      | Learned a level 9 spell: Fire Storm
 86292 | Pan      | Found an exit through the horrors of the Abyss.
 86397 | Pan      | Identified the +2 spear "Aghoasoa" {speed, rN+}
 86419 | Pan      | Identified the ring "Nogivogg" {Fly Str+2}
 86420 | Pan      | Identified the +0 mace "Acoocl Unue" {freeze, *Corrode rN+
                  | Int+4 SInv}
 86532 | Pan      | Got a fiery rune of Zot
 86690 | Pan      | Noticed Mebucu the pandemonium lord
 86701 | Pan      | Killed Mebucu the pandemonium lord
 87294 | Pan      | Found an exit through the horrors of the Abyss.
 87355 | Pan      | Took an exit into the Abyss.
 87355 | Abyss:3  | Escaped into the Abyss
 87380 | Depths:2 | Escaped the Abyss
 87541 | Crypt:1  | Entered Level 1 of the Crypt
 88388 | Crypt:2  | Found an ancient bone altar of Kikubaaqudgha.
 88999 | Crypt:3  | Entered Level 3 of the Crypt
 89016 | Crypt:3  | Identified the ring "Wyworu" {Ice rElec Will+ Int+4 Dex+4}
 89016 | Crypt:3  | Noticed Josephina
 89020 | Crypt:3  | Killed Josephina
 89044 | Crypt:3  | Noticed Vv
 89357 | Crypt:3  | Noticed Frederick
 89361 | Crypt:3  | Killed Frederick
 89476 | Crypt:3  | Killed Vv
 89553 | Crypt:3  | Found a staircase to the Tomb.
 89699 | Crypt:3  | Found an ancient bone altar of Kikubaaqudgha.
 89716 | Crypt:3  | Noticed an ancient lich
 89718 | Crypt:3  | Killed an ancient lich
 89868 | Crypt:3  | Identified the +1 arbalest of Defiance {penet, Fly rC+}
 90247 | Crypt:3  | Identified the ring of Otumuj {rN+ Dex+3}
 90247 | Crypt:3  | Identified the ring "Amofergh" {Contam rF+ rN+ rCorr Str+5}
 90306 | Tomb:1   | Entered Level 1 of the Tomb of the Ancients
 90728 | Tomb:1   | Noticed a royal mummy
 90742 | Tomb:1   | Killed a royal mummy
 90770 | Tomb:1   | Noticed a royal mummy
 90782 | Tomb:1   | Killed a royal mummy
 90948 | Tomb:1   | Noticed a royal mummy
 90951 | Tomb:1   | Killed a royal mummy
 90951 | Tomb:1   | Killed a royal mummy
 90959 | Tomb:1   | Noticed a royal mummy
 90960 | Tomb:1   | Noticed a royal mummy
 90964 | Tomb:1   | Killed a royal mummy
 90964 | Tomb:1   | Killed a royal mummy
 91024 | Tomb:1   | Identified the +9 scimitar of Nuenal {distort, *Noise rF+
                  | rC+ Str+3}
 91024 | Tomb:1   | Noticed a royal mummy
 91034 | Tomb:1   | Killed a royal mummy
 91129 | Tomb:1   | Noticed a royal mummy
 91138 | Tomb:1   | Killed a royal mummy
 91262 | Tomb:1   | Noticed a royal mummy
 91268 | Tomb:1   | Killed a royal mummy
 91317 | Tomb:1   | Noticed a royal mummy
 91322 | Tomb:1   | Killed a royal mummy
 91424 | Tomb:1   | Noticed a royal mummy
 91427 | Tomb:1   | Killed a royal mummy
 91588 | Tomb:1   | Noticed a royal mummy
 91588 | Tomb:1   | Noticed a royal mummy
 91588 | Tomb:1   | Noticed a royal mummy
 91591 | Tomb:1   | Killed a royal mummy
 91593 | Tomb:1   | Killed a royal mummy
 91593 | Tomb:1   | Killed a royal mummy
 91657 | Tomb:1   | Noticed a royal mummy
 91669 | Tomb:1   | Killed a royal mummy
 91736 | Tomb:1   | Noticed a royal mummy
 91783 | Tomb:1   | Killed a royal mummy
 91998 | Tomb:1   | Noticed a royal mummy
 92007 | Tomb:1   | Killed a royal mummy
 92191 | Tomb:1   | Noticed a royal mummy
 92197 | Tomb:1   | Killed a royal mummy
 92559 | Tomb:1   | Noticed a royal mummy
 92564 | Tomb:1   | Killed a royal mummy
 92749 | Tomb:1   | Noticed a royal mummy
 92754 | Tomb:1   | Killed a royal mummy
 92765 | Tomb:1   | Noticed a royal mummy
 92768 | Tomb:1   | Noticed a royal mummy
 92771 | Tomb:1   | Killed a royal mummy
 92771 | Tomb:1   | Killed a royal mummy
 93317 | Hell     | Entered the Vestibule of Hell
 93317 | Hell     | Noticed Geryon
 93327 | Hell     | Killed Geryon
 93451 | Hell     | Found a gateway to the ashen valley of Gehenna.
 93525 | Hell     | Found a gateway to the decaying netherworld of Tartarus.
 93588 | Hell     | Found a gateway to the freezing wastes of Cocytus.
 93629 | Hell     | Found a gateway to the Iron City of Dis.
 93822 | Hell     | Upgraded the game from 0.30-a0-799-g109b55a442 to
                  | 0.30-a0-800-g7c544603b3
 93823 | Tar:1    | Entered Level 1 of Tartarus
 94596 | Tar:3    | You are sucked into a shaft and drop 1 floor!
 95801 | Tar:7    | Entered Level 7 of Tartarus
 95805 | Tar:7    | Noticed a dread lich
 95811 | Tar:7    | Killed a dread lich
 95872 | Tar:7    | Noticed a dread lich
 95875 | Tar:7    | Killed a dread lich
 96294 | Tar:7    | Noticed an ancient lich
 96299 | Tar:7    | Killed an ancient lich
 96377 | Tar:7    | Identified the +9 hand axe of Law {protect, Will+ Str+5
                  | Dex+4}
 96401 | Tar:7    | Learned a level 6 spell: Death Channel
 96723 | Tar:7    | Reached skill level 1 in Evocations
 96826 | Tar:7    | Reached skill level 10 in Necromancy
 96962 | Tar:7    | Got Galabio's Folio of Hurting
 97160 | Tar:7    | Found the +5 robe of Night {Dark Will+ SInv}
 97179 | Tar:7    | Identified the +7 quarterstaff of the Solstice {flame, rC+
                  | Str+9 Int-5}
 97381 | Tar:7    | Identified the ring of Kikubaaqudgha's Esteem {rF++ rC+++
                  | MP+9 Str-4 Int+2}
 97382 | Tar:7    | Identified the +8 shortbow of the Well-Known Teeth {speed,
                  | rElec rF+ rC+}
 97549 | Tar:7    | Noticed Ereshkigal
 97560 | Tar:7    | Killed Ereshkigal
 97598 | Tar:7    | Got a bone rune of Zot
 98078 | Coc:1    | Entered Level 1 of Cocytus
 98205 | Coc:2    | Reached skill level 5 in Evocations
 98389 | Coc:4    | Paralysed by a wendigo for 1 turns
 98628 | Coc:5    | Noticed an ancient lich
 98718 | Coc:5    | Killed an ancient lich
 98941 | Coc:6    | Paralysed by a wendigo for 1 turns
 98943 | Coc:6    | Paralysed by a wendigo for 1 turns
 98954 | Coc:6    | Reached skill level 15 in Armour
 98996 | Coc:7    | Entered Level 7 of Cocytus
 98998 | Coc:7    | Noticed the Serpent of Hell
 99003 | Coc:7    | Killed the Serpent of Hell
 99163 | Coc:7    | Noticed an ancient lich
 99168 | Coc:7    | Killed an ancient lich
 99372 | Coc:7    | Noticed an ancient lich
 99377 | Coc:7    | Killed an ancient lich
 99802 | Coc:7    | Noticed Antaeus
 99984 | Coc:7    | Killed Antaeus
100083 | Coc:7    | Got an icy rune of Zot
100144 | Coc:7    | Identified the +0 war axe "Jamuomo" {heavy, rC+ Will+ MP+9}
100344 | Pan      | Entered Pandemonium
100593 | Pan      | Noticed Axku Vou the pandemonium lord
100600 | Pan      | Killed Axku Vou the pandemonium lord
100885 | Pan      | Entered the realm of Mnoleg.
101043 | Pan      | Noticed Mnoleg
101049 | Pan      | Killed Mnoleg
101198 | Pan      | Got a glowing rune of Zot
101511 | Pan      | Gained mutation: You are frail. (-10% HP) [a cacodemon]
102644 | Pan      | Found an exit through the horrors of the Abyss.
102757 | Pan      | Took an exit into the Abyss.
102757 | Abyss:3  | Escaped into the Abyss
102761 | Depths:2 | Escaped the Abyss
102837 | Geh:1    | Entered Level 1 of Gehenna
102947 | Geh:1    | You are sucked into a shaft and drop 1 floor!
103249 | Geh:4    | Reached skill level 15 in Dodging
103792 | Geh:7    | Entered Level 7 of Gehenna
104821 | Geh:7    | Reached skill level 15 in Maces & Flails
104931 | Geh:7    | Found the +7 sceptre of Asmodeus
104931 | Geh:7    | Noticed Asmodeus
104941 | Geh:7    | Killed Asmodeus
104959 | Geh:7    | Got an obsidian rune of Zot
105297 | Dis:1    | Entered Level 1 of the Iron City of Dis
105436 | Dis:2    | Noticed an ancient lich
105440 | Dis:2    | Killed an ancient lich
106029 | Dis:5    | You are sucked into a shaft and drop 1 floor!
106029 | Dis:6    | Noticed an ancient lich
106033 | Dis:6    | Killed an ancient lich
106163 | Dis:7    | Entered Level 7 of the Iron City of Dis
106367 | Dis:7    | Noticed a juggernaut
106380 | Dis:7    | Killed a juggernaut
106769 | Dis:7    | Noticed a juggernaut
106777 | Dis:7    | Killed a juggernaut
106809 | Dis:7    | Noticed a juggernaut
106814 | Dis:7    | Killed a juggernaut
107018 | Dis:7    | Identified the ring "Ociaf" {Will+ Str+3 Dex+3}
107104 | Dis:7    | Identified the +4 war axe "Unyw" {protect, rElec rF+ Str-2}
107106 | Dis:7    | Identified the +1 plate armour "Ampeos" {rC+ rCorr Int+2}
107554 | Dis:7    | Identified the +4 dagger of Risk Management {speed, Will+}
107555 | Dis:7    | Found the +4 staff of Dispater
107555 | Dis:7    | Noticed Dispater
107555 | Dis:7    | Found the +9 staff of Olgreb {rPois∞}
107567 | Dis:7    | Killed Dispater
107575 | Dis:7    | Got an iron rune of Zot
108317 | Tomb:2   | Noticed a royal mummy
108326 | Tomb:2   | Noticed a royal mummy
108329 | Tomb:2   | Noticed a royal mummy
108331 | Tomb:2   | Killed a royal mummy
108334 | Tomb:2   | Killed a royal mummy
108336 | Tomb:2   | Noticed a royal mummy
108339 | Tomb:2   | Killed a royal mummy
108343 | Tomb:2   | Killed a royal mummy
108796 | Tomb:3   | Entered Level 3 of the Tomb of the Ancients
108807 | Tomb:3   | Noticed a royal mummy
108815 | Tomb:3   | Killed a royal mummy
108821 | Tomb:3   | Noticed a royal mummy
108822 | Tomb:3   | Noticed a royal mummy
108822 | Tomb:3   | Noticed a royal mummy
109071 | Tomb:3   | Killed a royal mummy
109072 | Tomb:3   | Killed a royal mummy
109078 | Tomb:3   | Killed a royal mummy
109078 | Tomb:3   | Noticed a royal mummy
109082 | Tomb:3   | Killed a royal mummy
109086 | Tomb:3   | Noticed a royal mummy
109098 | Tomb:3   | Killed a royal mummy
109256 | Tomb:3   | Noticed Khufu
109261 | Tomb:3   | Killed Khufu
109269 | Tomb:3   | Noticed a royal mummy
109276 | Tomb:3   | Killed a royal mummy
109291 | Tomb:3   | Got a golden rune of Zot
109345 | Tomb:3   | Identified the +1 leather armour of Baleful Creativity
                  | {+Inv Str-2 Dex+3}
109345 | Tomb:3   | Noticed a royal mummy
109350 | Tomb:3   | Killed a royal mummy
109645 | Tomb:3   | Got Buphyig's Compilation of the Singularity and Aeromancy
109662 | Tomb:3   | Identified the ring of Nualeq {rElec rF++ rCorr Str-3}
109685 | Tomb:3   | Identified the ring of Susies Enedo {Fly rC++ Dex+3 Stlth+}
109686 | Tomb:3   | Identified the +3 arbalest of Yjeiteom {elec, rC+ Dex+2}
109687 | Tomb:3   | Identified the +6 trident of Oozing Pus {flame, rF+ Will+
                  | SInv}
109688 | Tomb:3   | Identified the +1 glaive of Purpose {venom, Int+3}
109706 | Tomb:3   | Identified the +6 rapier of Linearity {flame, Int+3}
110207 | Zig:1    | Entered Level 1 of a ziggurat
110224 | Zig:2    | Entered Level 2 of a ziggurat
110258 | Zig:3    | Entered Level 3 of a ziggurat
110279 | Zig:4    | Entered Level 4 of a ziggurat
110300 | Zig:5    | Entered Level 5 of a ziggurat
110323 | Zig:5    | Identified the +4 halberd "Xueqafesuf" {speed, rPois rCorr
                  | Str-2 Int+5}
110332 | Zig:6    | Entered Level 6 of a ziggurat
110381 | Zig:7    | Entered Level 7 of a ziggurat
110387 | Zig:7    | Found the +0 staff of Battle
110388 | Zig:7    | Noticed a dread lich
110391 | Zig:7    | Killed a dread lich
110401 | Zig:7    | Identified the +1 scale mail of the Forest {rC+ Dex+2}
110419 | Zig:8    | Entered Level 8 of a ziggurat
110428 | Zig:8    | Noticed Ururoegou the pandemonium lord
110431 | Zig:8    | Killed Ururoegou the pandemonium lord
110468 | Zig:9    | Entered Level 9 of a ziggurat
110477 | Zig:9    | Noticed Aqomuib the pandemonium lord
110480 | Zig:9    | Killed Aqomuib the pandemonium lord
110492 | Zig:9    | Identified the +11 flail "Newtslayer" {venom, rCorr Dex+2}
110513 | Zig:10   | Entered Level 10 of a ziggurat
110526 | Zig:10   | Found the +8 whip "Snakebite" {venom, curare, rPois}
110580 | Zig:11   | Entered Level 11 of a ziggurat
110596 | Zig:11   | Noticed Riefoq the pandemonium lord
110598 | Zig:11   | Killed Riefoq the pandemonium lord
110629 | Zig:11   | Identified the +4 great sword of Duiczyi {flame, Int+5}
110649 | Zig:11   | Identified the +8 rapier of the Keeping Gods {heavy,
                  | Will++}
110667 | Zig:12   | Entered Level 12 of a ziggurat
110678 | Zig:12   | Noticed an ancient lich
110679 | Zig:12   | Noticed an ancient lich
110679 | Zig:12   | Noticed a dread lich
110680 | Zig:12   | Killed an ancient lich
110680 | Zig:12   | Killed an ancient lich
110682 | Zig:12   | Killed a dread lich
110691 | Zig:12   | Found the +8 arc blade {discharge, rElec}
110691 | Zig:12   | Found the +5 scythe "Finisher" {speed, eviscerate}
110700 | Zig:12   | Identified the +2 robe "Maont" {*Corrode rC+ Str+5}
110718 | Zig:12   | Identified the +2 pair of gloves "Qurietibb" {Rampage Will+
                  | Int-3 Dex+7}
110734 | Zig:13   | Entered Level 13 of a ziggurat
110797 | Zig:13   | Identified the +10 great sword of the Heavens {heavy,
                  | Str+2}
110815 | Zig:14   | Entered Level 14 of a ziggurat
110856 | Zig:14   | Identified the +0 robe of the Other World {Drain Fly rF++
                  | Archmagi}
110860 | Zig:14   | Identified the +1 sling "Paix Xedgh" {heavy, rF++ rN+}
110863 | Zig:14   | Identified the ring of the Raven {rC++ Str+6 Int+5 Slay-6}
110869 | Zig:14   | Got the Octavo of the Tincture and Glamour
110881 | Zig:15   | Entered Level 15 of a ziggurat
110888 | Zig:15   | Noticed Exaa the pandemonium lord
110889 | Zig:15   | Noticed Ytaalee the pandemonium lord
110892 | Zig:15   | Killed Exaa the pandemonium lord
110894 | Zig:15   | Killed Ytaalee the pandemonium lord
110906 | Zig:15   | Noticed Lerphaass the pandemonium lord
110907 | Zig:15   | Noticed Gearesaf the pandemonium lord
110909 | Zig:15   | Killed Gearesaf the pandemonium lord
110914 | Zig:15   | Killed Lerphaass the pandemonium lord
110961 | Zig:15   | Identified the ring of Arghan {+Blink rF++ MP+9 Str+3
                  | Slay-4}
110964 | Zig:15   | Identified the ring of the Catfish {rPois rC+ Will+ Str+3
                  | Slay+3}
110983 | Zig:15   | Identified the +2 falchion of the Boar {speed, rN+}
111008 | Zig:16   | Entered Level 16 of a ziggurat
111070 | Zig:16   | Identified the +1 plate armour of Demons {rC++ Will- rCorr}
111117 | Zig:17   | Entered Level 17 of a ziggurat
111209 | Zig:17   | Identified the +1 war axe "Arbiter" {antimagic, rN+}
111211 | Zig:17   | Identified the ring "Sagioj" {Dex+6 Stlth+}
111215 | Zig:17   | Identified the +8 hand axe of Responsibility {antimagic,
                  | rN+}
111223 | Zig:17   | Identified the +1 quarterstaff "Fiuchota" {freeze, rC+
                  | Int+3}
111243 | Zig:18   | Entered Level 18 of a ziggurat
111273 | Zig:18   | Noticed an ancient lich
111273 | Zig:18   | Noticed a dread lich
111275 | Zig:18   | Killed a dread lich
111275 | Zig:18   | Killed an ancient lich
111278 | Zig:18   | Noticed an ancient lich
111278 | Zig:18   | Noticed a dread lich
111280 | Zig:18   | Killed a dread lich
111281 | Zig:18   | Killed an ancient lich
111298 | Zig:18   | Identified the +3 rapier of True Grit {venom, Stlth+}
111319 | Zig:18   | Identified the ring of Fragile Peace {*Slow rPois rCorr
                  | Str+5 Int+6}
111334 | Zig:19   | Entered Level 19 of a ziggurat
111358 | Zig:19   | Noticed an ancient lich
111361 | Zig:19   | Killed an ancient lich
111449 | Zig:19   | Found the +9 sword of Zonguldrok {reap}
111508 | Zig:20   | Entered Level 20 of a ziggurat
111521 | Zig:20   | Noticed Dedaged the pandemonium lord
111522 | Zig:20   | Noticed Olomuf the pandemonium lord
111524 | Zig:20   | Noticed Miurry the pandemonium lord
111526 | Zig:20   | Killed Dedaged the pandemonium lord
111526 | Zig:20   | Noticed Jemikhih the pandemonium lord
111526 | Zig:20   | Noticed Mairiddi the pandemonium lord
111527 | Zig:20   | Killed Olomuf the pandemonium lord
111529 | Zig:20   | Killed Miurry the pandemonium lord
111531 | Zig:20   | Noticed Xeozab the pandemonium lord
111532 | Zig:20   | Killed Jemikhih the pandemonium lord
111533 | Zig:20   | Noticed Gaafioskupn the pandemonium lord
111538 | Zig:20   | Noticed Oprybez the pandemonium lord
111542 | Zig:20   | Noticed Afial the pandemonium lord
111542 | Zig:20   | Killed Mairiddi the pandemonium lord
111544 | Zig:20   | Noticed Wuelubeh the pandemonium lord
111545 | Zig:20   | Noticed Fyhulefo the pandemonium lord
111545 | Zig:20   | Noticed Qazoff the pandemonium lord
111549 | Zig:20   | Noticed Yqulukk the pandemonium lord
111572 | Zig:20   | Found the +2 hood of the Assassin {Detect Stab+ Stlth++}
111579 | Zig:20   | Killed Fyhulefo the pandemonium lord
111579 | Zig:20   | Killed Afial the pandemonium lord
111597 | Zig:20   | Noticed Wipacw the pandemonium lord
111600 | Zig:20   | Killed Wipacw the pandemonium lord
111600 | Zig:20   | Killed Oprybez the pandemonium lord
111602 | Zig:20   | Killed Xeozab the pandemonium lord
111610 | Zig:20   | Killed Qazoff the pandemonium lord
111611 | Zig:20   | Killed Gaafioskupn the pandemonium lord
111617 | Zig:20   | Killed Wuelubeh the pandemonium lord
111635 | Zig:20   | Killed Yqulukk the pandemonium lord
111706 | Zig:20   | Got the Collected Works on the Bane and the Iceberg
111717 | Zig:20   | Identified the amulet of the Five Keeping Beds {Reflect
                  | Rampage rC+ MP+9 SH+5}
111752 | Zig:21   | Entered Level 21 of a ziggurat
111770 | Zig:21   | Paralysed by an air elemental for 1 turns
111776 | Zig:21   | Paralysed by an air elemental for 1 turns
111783 | Zig:21   | Paralysed by an air elemental for 1 turns
111838 | Zig:21   | Found the +8 demon trident "Rift" {distort, reach+}
111895 | Zig:21   | Identified the +8 great mace of Bonn {venom, SInv}
111926 | Zig:22   | Entered Level 22 of a ziggurat
112171 | Zig:22   | Identified the +11 glaive of Yhin {heavy, Str+2}
112176 | Zig:22   | Identified the ring of Prescription {rC- Str+4 Int+3 Dex+6}
112219 | Zig:23   | Entered Level 23 of a ziggurat
112273 | Zig:23   | Identified the amulet of Finality {RegenMP Fragile Will++
                  | Dex+4}
112391 | Zig:24   | Entered Level 24 of a ziggurat
112482 | Zig:24   | Paralysed by a wendigo for 1 turns
112497 | Zig:24   | Found the +3 crown of Dyrovepreva {rElec Int+2 SInv}
112511 | Zig:24   | Identified the amulet "Zobuill" {RegenMP rPois Will- Int+3
                  | Stlth+}
112544 | Zig:24   | Learned a level 2 spell: Blink
112551 | Zig:24   | Learned a level 6 spell: Eringya's Noxious Bog
112560 | Zig:24   | Identified the +7 morningstar of Disorder {drain, Fragile
                  | rCorr Str+2 Int+7}
112573 | Zig:24   | Reached skill level 27 in Spellcasting
112593 | Zig:25   | Entered Level 25 of a ziggurat
112672 | Zig:25   | Lost mutation: You are frail. (-10% HP) [a cacodemon]
112675 | Zig:25   | Reached skill level 27 in Fighting
112709 | Zig:25   | Noticed Pittyux the pandemonium lord
112717 | Zig:25   | Killed Pittyux the pandemonium lord
112824 | Zig:25   | Identified the ring "Piapt" {rC+ MP+9 AC+4 Str+2 Dex+2}
112843 | Zig:25   | Identified the +5 chain mail of Gevuer {rC+}
112884 | Zig:26   | Entered Level 26 of a ziggurat
113071 | Zig:26   | Found the +15 Maxwell's patent armour {-Cast -Tele rElec
                  | Will+ rCorr}
113078 | Zig:26   | Identified the ring "Joylyng" {rCorr Str-5 Int+5}
113082 | Zig:26   | Identified the +10 hand axe "Kiregyem" {venom, *Rage rCorr
                  | Int+3}
113090 | Zig:26   | Identified the +5 long sword of the Hall of Blades {flame,
                  | rF+ Str+2}
113100 | Zig:26   | Got Fuwnioh's Almanac of Distorted Fog
113103 | Zig:26   | Identified the +1 leather armour "Roxteqow" {Int+5 Stlth-}
113180 | Zig:27   | Entered Level 27 of a ziggurat
113198 | Zig:27   | Noticed a dread lich
113201 | Zig:27   | Killed a dread lich
113212 | Zig:27   | Noticed an ancient lich
113212 | Zig:27   | Noticed an ancient lich
113212 | Zig:27   | Noticed a dread lich
113213 | Zig:27   | Noticed an ancient lich
113214 | Zig:27   | Noticed an ancient lich
113214 | Zig:27   | Killed an ancient lich
113214 | Zig:27   | Killed a dread lich
113215 | Zig:27   | Killed an ancient lich
113215 | Zig:27   | Killed an ancient lich
113216 | Zig:27   | Killed an ancient lich
113216 | Zig:27   | Noticed a dread lich
113220 | Zig:27   | Killed a dread lich
113220 | Zig:27   | Noticed a dread lich
113221 | Zig:27   | Reached skill level 27 in Conjurations
113221 | Zig:27   | Killed a dread lich
113256 | Zig:27   | Identified the +7 falchion of the Big Bang {drain, Stlth+}
113272 | Zig:27   | Identified the +6 shortbow of Severance {drain, *Slow rN+
                  | Str+4}
113273 | Zig:27   | Identified the +2 leather armour "Guruf" {rC+}
113277 | Zig:27   | Got the Octavo of Bringing Forth
113283 | Zig:27   | Identified the amulet "Tasilon" {Spirit *Corrode rElec
                  | Dex+5 Stlth+}
113286 | Zig:27   | Identified the +1 leather armour of the Stars {Regen+ Int+3
                  | Slay+2 SInv}
113525 | Zot:5    | Noticed an ancient lich
113527 | Zot:5    | Killed an ancient lich
113529 | Zot:5    | Noticed an orb of fire
113530 | Zot:5    | Noticed an orb of fire
113530 | Zot:5    | Noticed a dread lich
113533 | Zot:5    | Noticed an ancient lich
113534 | Zot:5    | Noticed a dread lich
113536 | Zot:5    | Killed an ancient lich
113538 | Zot:5    | Killed an orb of fire
113538 | Zot:5    | Killed a dread lich
113539 | Zot:5    | Killed an orb of fire
113541 | Zot:5    | Killed a dread lich
113808 | Zot:5    | Got the Orb of Zot
113957 | Zot:2    | Noticed Fidaav the pandemonium lord
113961 | Zot:2    | Killed Fidaav the pandemonium lord
114365 | D:$      | Escaped with the Orb!

Illustrated notes

Levels and vault maps discovered:
D:1:      tarquinn_simple_flora_water_e, layout_basic,
          nicolae_ecumenical_lake_church
D:2:      layout_basic, serial_shops, nicolae_shop_behind_doors,
          nicolae_lakefront_shop, uniq_natasha, uniq_jessica,
          uniq_crazy_yiuf_cottage
D:3:      layout_loops_corners, gammafunk_temple_overflow_forgotten,
          yredelemnul_altar_generic, minmay_liquid_box
D:4:      layout_rooms, nicolae_wooded_promenade, minmay_misc_feat_ornament,
          hangedman_glass_teeth, lightli_corner_chamber
D:5:      layout_basic, mainiacjoe_overflow_surrounded_room, temple_green,
          gammafunk_ghost_icy, hangedman_decor_growths
D:6:      layout_basic, gup_sewer_entry_spiral
D:7:      layout_loops_corners
D:8:      layout_loops_corners, mainiacjoe_overflow_small_starburst,
          nicolae_uskayaw_suspiria, zin_treasury, serial_shops, shop,
          enter_ossuary_1, minmay_misc_feat_hallway
D:9:      kennysheep_six_static_rooms, layout_cave_pools,
          kennysheep_okawaru_gauntlet
D:10:     layout_roguey, nicolae_overflow_crystal_walls, enter_bailey_4,
          uniq_fannar
D:11:     minmay_tearing_corner, layout_stronghold, lair_entry_dummy,
          orc_0_dummy, serial_co_window_serial, co_window_paths_b,
          co_window_paths_b, co_window_corner_a, co_window_paths_b,
          co_window_of_opportunity_a, co_window_of_opportunity_a,
          co_window_paths_a, co_window_of_opportunity_c, co_window_corner_ca,
          co_window_paths_c, co_window_4corner_b, co_window_paths_e,
          glass_columns_b, glass_columns_b, glass_columns_a, glass_columns_a,
          glass_columns_b, minivault_26, makhleb_altar_promises_db
D:12:     layout_roguey
D:13:     layout_roguey, serial_shops, shop
D:14:     layout_irregular_city, david_vaults_4
D:15:     gammafunk_depths_entry_grave, layout_basic,
          nicolae_qazlal_eye_of_the_storm, uniq_agnes
Lair:1:   layout_chaotic_city, nicolae_volcano_entry_hallway, st_stairs_10,
          chequers_serial_rivers_micro_a, minivault_23
Lair:2:   layout_regular_city, palyth_hydra_swamp_entry, dummy_spider_entry,
          portal_ice_cave_entry_pillars_2, grunt_megastairs_4
Lair:3:   gammafunk_cloud_chamber, layout_cave_shapes,
          gammafunk_ghost_wrathful_warriors, serial_bayou, serial_bayou_pond_d,
          serial_bayou_lake_a, serial_bayou_pond_b, serial_bayou_pond_a,
          uniq_nessos
Lair:4:   layout_misc_corridors, slime_entry_2, gauntlet_entry_generic,
          serial_bayou_shore_a, uniq_urug
Lair:5:   hangedman_lair_tendril_chambers, layout_hall_layers, wormcave
Swamp:1:  layout_basic_swamp, serial_swamp_ruin, evilmike_swamp_ruin_house_5,
          evilmike_swamp_ruin_house_2, evilmike_swamp_ruin_house_3, swamp_pool2,
          hangedman_swamp_lotus
Swamp:2:  layout_basic_swamp, ebering_ghost_reflecting_pool,
          evilmike_swamp_ruin_house_1
Swamp:3:  gammafunk_sealed_arena, layout_basic_swamp,
          nicolae_swamp_very_dense_foliage, uniq_nikola
Swamp:4:  swamp_basic_johnstein, layout_basic_swamp
Spider:1: layout_chambers, special_room [special_room_bee],
          einodemon_crawler_minivault
Spider:2: layout_spider_delve, uniq_mlioglotl
Spider:3: layout_spider_delve, guppyfry_spider_mini_2
Spider:4: spider_rune_water, uniq_arachne, uniq_mara, uniq_donald, uniq_asterion
Slime:1:  layout_caves
Slime:2:  layout_caves, cheibrodos_slime_lost_civilization_4
Slime:3:  cheibrodos_slime_lost_civilization_1, layout_caves
Slime:4:  layout_caves
Slime:5
Orc:1:    layout_diamond_mine, basic_altar, uniq_jorgrun
Orc:2:    st_orc_open, layout_caves, serial_shops, nicolae_shop_trees
Elf:1:    eino_elf_arrival_shootout, layout_gridlike,
          hangedman_elven_crosses_minicolossus
Elf:2:    nicolae_elf_blades_crystal_corner, layout_geoelf_grid,
          nicolae_trove_entry_path_of_doom
Elf:3:    minmay_elf_hall_circle, layout_geoelf_grid, serial_shops, shop,
          hellmonk_ghost_happy_afterlife, minmay_shop_grove, uniq_saint_roka
Vaults:1: nicolae_vaults_hallways_thing, hangedman_vaults_corner_blocks,
          nicolae_vaults_asterisk, vaults_room_fours, grunt_vaults_funnel,
          st_more_cells, nicolae_vaults_network_s, v_alt_pattern_2,
          ontoclasm_vaults_loading_screen, nicolae_vaults_little_ls,
          layout_vaults_omnigrid, serial_shops,
          nicolae_shop_bloodbath_and_beyond, shop_fountains,
          nicolae_shop_statue_plus, shop_statue
Vaults:2: gammafunk_ghost_tricky_traps, st_greater_box_5,
          ontoclasm_vaults_gateway, minmay_crypt_entry_simple_statues, v_misc_3,
          vaults_mumra_minichess_inversion, vaults_dpeg_diagonal,
          layout_vaults_chaotic_city, serial_shops, nicolae_shop_window_shopping
Vaults:3: ontoclasm_vaults_idyll, nicolae_vaults_display_case,
          hangedman_vaults_slither, v_pattern_1, v_misc_8,
          hangedman_vaults_corner_blocks, grunt_vaults_hallway_long,
          vaults_room_corners, vaults_dpeg_encased_lava, v_rooms_3,
          ontoclasm_vaults_idyll, layout_vaults_maze_snakey
Vaults:4: v_alt_pattern_1, vaults_dpeg_doors, nicolae_vaults_border_crossing,
          nicolae_vaults_what_the_h, v_misc_16, vaults_mumra_hexcomb,
          ontoclasm_vaults_pinch, nicolae_vaults_circle_grid_b,
          hangedman_vaults_capsules, nicolae_vaults_alarming, vaults_room_boxed,
          ontoclasm_vaults_hangar, layout_vaults_omnicross, serial_shops,
          shop_statue
Vaults:5: uniq_boris
Crypt:1:  layout_gridlike, grunt_crypt_arrival_webbed
Crypt:2:  layout_basic, basic_altar
Crypt:3:  church_of_pain_bobbens, layout_chaotic_city, tomb_entry_shell_bobbens,
          grunt_megastairs_2, uniq_frederick, uniq_josephina, uniq_vv
Tomb:1
Tomb:2
Tomb:3
Depths:1: layout_cave_pools, grunt_hell_entry_dis_old, mu_enter_wizlab_6,
          nicolae_concentric_dashed_squares_wild, rand_demon_pan_entry_7,
          serial_shops, shop_fountains, kennysheep_little_box,
          nicolae_shop_window_shopping, kennysheep_mini_moat,
          kennysheep_cross_room, kennysheep_generic_room_4
Depths:2: minmay_thinvault, layout_gridville, rand_demon_pan_entry_5,
          corexii_hall_statues_s, hell_entry, hangedman_decor_peaks_small,
          infiniplex_staircase_x, uniq_enchantress
Depths:3: gammafunk_mikee_crab_dinner, layout_basic, abyss_entry, hell_entry,
          nzn_hepliaklqana_mist_gate, interstate_on_off, tgw_trog
Depths:4: evilmike_zot_entry_round, layout_cave_pools, enter_ziggurat_b,
          hell_entry, chequers_serial_rivers_large_b, ebering_ghost_inner_flame,
          minmay_misc_feat_room
Hell
Dis:1:    layout_gridville
Dis:2:    layout_subdivisions, nrook_loot_triangle
Dis:3:    layout_subdivisions
Dis:4:    layout_subdivisions
Dis:5:    layout_jigsaw
Dis:6:    layout_overlapping_boxes, nicolae_dis_having_a_grate_time
Dis:7:    dis_grunt_layers
Geh:1:    layout_gehenna_lava_caves
Geh:2:    layout_gehenna_pools_triple
Geh:3:    layout_gehenna_pools_triple
Geh:4:    layout_gehenna_pools_basic
Geh:5:    layout_gehenna_lava_caves
Geh:6:    layout_gehenna_pools_basic
Geh:7:    geh_old
Coc:1:    layout_cocytus_water_paths
Coc:2:    layout_cocytus_water_paths
Coc:3:    layout_cocytus_delve
Coc:4:    layout_ice_bergs
Coc:5:    layout_ice_bergs
Coc:6:    layout_cocytus_water_paths
Coc:7:    coc_old
Tar:1:    layout_honeycomb, nicolae_tar_cuneiform_three
Tar:2:    layout_grid_maze
Tar:3:    layout_honeycomb
Tar:4:    layout_catacombs, nicolae_hells_hurtin_island
Tar:5:    layout_catacombs
Tar:6:    layout_honeycomb
Tar:7:    tar_old
Zot:1:    dreamdust_black_sun_cult, layout_basic, skrybe_zot_glass_2
Zot:2:    layout_cathedral_of_symmetry
Zot:3:    hangedman_orp_of_zott, layout_cellular_growth
Zot:4:    layout_concentric_octagons
Zot:5:    layout_basic, st_stairs_13

Skill      XL: |  1  2  3  4  5  6  7  8  9 10 11 12 13 14 15 16 17 18 19 20 21 22 23 24 25 26 27 |
---------------+----------------------------------------------------------------------------------+-----
Earth Magic    | 4 5 6 7 8 10 12 13 14 15 16 18 25 | 25.7
Stealth        | 3 4 5 6 8 9 10 11 13 14 15 21 | 21.9
Spellcasting   | 3 5 6 7 8 9 10 11 12 13 14 27 | 27.0
Fighting       | 1 2 3 5 6 8 9 10 11 13 14 15 16 27 | 27.0
Conjurations   | 2 3 4 5 7 8 10 11 12 13 15 16 17 18 19 20 27 | 27.0
Necromancy     | 1 2 4 5 6 7 8 10 | 10.7
Short Blades   | 3 5 6 7 8 |  8.2
Fire Magic     | 2 4 6 7 9 10 12 26 | 26.0
Shields        | 3 6 7 8 10 11 13 14 15 | 15.8
Armour         | 2 5 6 8 11 13 26 | 26.2
Ice Magic      | 2 4 5 |  5.3
Air Magic      | 1 2 3 5 |  5.4
Dodging        | 2 4 5 7 9 10 11 12 21 | 21.6
Summonings     | 3 5 7 8 9 11 12 | 12.8
Transmutations | 2 5 |  5.0
Maces & Flails | 5 10 23 | 23.7
Evocations     | 9 |  9.7
Poison Magic   | |  0.4

Action                     |  1- 3 |  4- 6 |  7- 9 | 10-12 | 13-15 | 16-18 | 19-21 | 22-24 | 25-27 || total
---------------------------+-------+-------+-------+-------+-------+-------+-------+-------+-------++-------
  Melee: Unarmed           |     1 |       |       |       |       |       |       |       |       ||     1
         Mace              |       |    58 |    76 |       |       |       |       |       |       ||   134
         Dagger            |       |     2 |   161 |   506 |   858 |   872 |   835 |  1585 |   632 ||  5451
         Punch             |       |     1 |     4 |    12 |    10 |     7 |       |       |       ||    34
         Double sword      |       |       |       |       |       |       |    34 |       |       ||    34
         Demon whip        |       |       |       |       |       |       |       |       |   888 ||   888
         Sacred scourge    |       |       |       |       |       |       |       |       |  2004 ||  2004
  Throw: Dart              |       |       |       |     3 |       |       |       |       |       ||     3
   Cast: Sandblast         |    45 |    19 |    60 |     1 |       |       |       |       |       ||   125
         Mephitic Cloud    |       |       |     3 |    19 |    10 |       |       |       |       ||    32
         Animate Dead      |       |       |     1 |     6 |     6 |    17 |    11 |    16 |    12 ||    69
         Stone Arrow       |       |       |       |    88 |    65 |       |       |       |       ||   153
         Fireball          |       |       |       |    17 |    12 |       |       |       |       ||    29
         Lee's Rapid Decon |       |       |       |       |    24 |     2 |       |       |       ||    26
         Freezing Cloud    |       |       |       |       |    18 |    22 |    28 |    22 |    40 ||   130
         Iron Shot         |       |       |       |       |    39 |   298 |   347 |   269 |  1424 ||  2377
         Ozocubu's Armour  |       |       |       |       |     4 |     4 |     7 |     2 |     7 ||    24
         Irradiate         |       |       |       |       |       |    15 |    10 |    19 |    48 ||    92
         Spellforged Servi |       |       |       |       |       |     1 |    15 |    20 |   121 ||   157
         Borgnjor's Vile C |       |       |       |       |       |     2 |    23 |    13 |    85 ||   123
         Lehudib's Crystal |       |       |       |       |       |       |       |       |   124 ||   124
         Fire Storm        |       |       |       |       |       |       |       |       |   408 ||   408
         Shatter           |       |       |       |       |       |       |       |       |   296 ||   296
         Death Channel     |       |       |       |       |       |       |       |       |     2 ||     2
         Eringya's Noxious |       |       |       |       |       |       |       |       |     1 ||     1
  Evoke: Wand              |       |       |       |     2 |     1 |     3 |     3 |     4 |    11 ||    24
         Condenser vane    |       |       |       |       |     1 |     4 |     2 |     1 |     4 ||    12
         Phantom mirror    |       |       |       |       |       |       |       |       |     1 ||     1
    Use: Scroll            |       |       |     9 |    11 |    15 |    11 |     8 |    13 |    57 ||   124
         Potion            |       |       |       |     4 |     5 |     5 |    11 |     4 |    74 ||   103
   Stab: Sleeping          |       |     6 |    15 |    15 |    12 |    14 |     6 |    16 |    25 ||   109
         Distracted        |       |       |     2 |       |     6 |    10 |    12 |    25 |    33 ||    88
         Confused          |       |       |     1 |    13 |     1 |     2 |     1 |       |       ||    18
         Invisible         |       |       |       |       |       |       |     3 |       |       ||     3
 Armour: Robe              |     2 |    19 |   109 |    31 |    33 |       |       |       |       ||   194
         Skin              |       |     1 |       |     3 |       |       |       |       |       ||     4
         Troll leather arm |       |       |       |   111 |   253 |   454 |     8 |       |       ||   826
         Fire dragon scale |       |       |       |       |    50 |       |       |       |       ||    50
         Ice dragon scales |       |       |       |       |       |       |    77 |       |       ||    77
         Acid dragon scale |       |       |       |       |       |       |    99 |       |       ||    99
         Pearl dragon scal |       |       |       |       |       |       |   149 |   688 |  2125 ||  2962
  Dodge: Dodged            |     7 |    61 |   246 |   414 |   773 |   783 |   326 |   608 |  1637 ||  4855
  Block: Tower shield      |       |       |       |       |       |   564 |       |       |       ||   564
         Kite shield       |       |       |       |       |       |   173 |   762 |  1456 |  2589 ||  4980
         Reflection        |       |       |       |       |       |       |    14 |    59 |    11 ||    84

Table legend: (Time is in decaauts)
 A = Elapsed time spent in this place.
 B = Non-inter-level travel time spent in this place.
 C = Inter-level travel time spent in this place.
 D = Time resting spent in this place.
 E = Time spent auto-exploring this place.
 F = Levels seen in this place.
 G = Mean time per level.
                   A        B        C        D        E       F      G
               +--------+--------+--------+--------+--------+-----+--------+
         Total | 111793 | 103155 |   8638 |   8372 |  67299 | 139 |  804.3 |
       Dungeon |  18477 |  15254 |   3223 |    193 |  12336 |  15 | 1231.8 |
          Lair |   6024 |   5082 |    942 |    121 |   3874 |   5 | 1204.8 |
         Swamp |   5657 |   5346 |    311 |   1109 |   3565 |   4 | 1414.2 |
   Spider Nest |   6059 |   5914 |    145 |    580 |   3732 |   4 | 1514.8 |
    Slime Pits |   1194 |   1155 |     39 |    319 |    346 |   5 |  238.8 |
  Orcish Mines |   1102 |    961 |    141 |     25 |    655 |   2 |  551.0 |
   Elven Halls |   6143 |   5677 |    466 |    210 |   4268 |   3 | 2047.7 |
        Vaults |   9759 |   9268 |    491 |    894 |   6286 |   5 | 1951.8 |
         Crypt |   3068 |   2713 |    355 |    169 |   1878 |   3 | 1022.7 |
          Tomb |   4293 |   4048 |    245 |    621 |   1920 |   3 | 1431.0 |
        Depths |   7788 |   6845 |    943 |    638 |   4786 |   4 | 1947.0 |
          Hell |    682 |    497 |    185 |      0 |    262 |   1 |  682.0 |
           Dis |   2647 |   2572 |     75 |     77 |   1909 |   7 |  378.1 |
       Gehenna |   2338 |   2220 |    118 |    281 |   1235 |   7 |  334.0 |
       Cocytus |   2196 |   2055 |    141 |    250 |   1086 |   7 |  313.7 |
      Tartarus |   3867 |   3721 |    146 |    617 |   2015 |   7 |  552.4 |
           Zot |   7914 |   7248 |    666 |    371 |   5413 |   5 | 1582.8 |
         Abyss |    335 |    335 |      0 |     21 |     35 |   4 |   83.8 |
   Pandemonium |  14784 |  14784 |      0 |   1492 |   9174 |  13 | 1137.2 |
      Ziggurat |   3075 |   3075 |      0 |    159 |    425 |  27 |  113.9 |
         Trove |    176 |    176 |      0 |      0 |      0 |   1 |  176.0 |
         Sewer |    396 |    396 |      0 |      0 |    217 |   1 |  396.0 |
       Ossuary |    408 |    408 |      0 |      0 |    202 |   1 |  408.0 |
        Bailey |    350 |    350 |      0 |      0 |    179 |   1 |  350.0 |
      Ice Cave |   1028 |   1028 |      0 |    112 |    634 |   1 | 1028.0 |
       Volcano |    395 |    395 |      0 |     12 |    127 |   1 |  395.0 |
        Wizlab |   1147 |   1147 |      0 |      0 |    662 |   1 | 1147.0 |
      Gauntlet |    478 |    478 |      0 |    100 |     74 |   1 |  478.0 |
               +--------+--------+--------+--------+--------+-----+--------+

Top non-repeatable levels by time:
Vaults:2: 3103 daAuts
  Tomb:1: 2765 daAuts
    D:11: 2544 daAuts
Depths:2: 2418 daAuts
   Elf:3: 2383 daAuts
Spider:4: 2235 daAuts
Depths:4: 2219 daAuts
   Elf:2: 2197 daAuts
Vaults:5: 2160 daAuts
 Swamp:3: 2160 daAuts
   Tar:7: 2018 daAuts
    D:15: 1897 daAuts
   Zot:2: 1887 daAuts
   Dis:7: 1789 daAuts
     D:5: 1729 daAuts
